Workbook

Sheet Monitoreo PTEP
C3: PROCESO: | G3: Versión: 2
C4: Direccionamiento Estratégico y Aprendizaje Organizacional | G4: Código: DE-FR-036
C5: FORMATO: | G5: Fecha: 30/05/2025
C6: Formulación plan monitoreo y ejecución Programa de Transparencia y Ética Pública
B8: PROGRAMA DE TRANSPARENCIA Y ÉTICA PÚBLICA
B10: Objetivo
B11: Establecer en Mindeporte los mecanismos de lucha contra la corrupción a través de la implementación de una estrategia de transparencia y ética pública que integre acciones para identificar y gestionar riesgos de corrupción, facilitar el acceso a la información pública, garantizar una rendición de cuentas continua, simplificar trámites y servicios, adoptar medidas preventivas contra el lavado de activos, y promover la participación ciudadana.
B12: Objetivos específicos
B13: • Definir e implementar acciones concretas que garanticen la adecuada ejecución de la Ley de Transparencia y Acceso a la Información Pública, asegurando la divulgación de información relevante y accesible para la ciudadanía. • Desarrollar y mantener un sistema de rendición de cuentas periódico que informe a la ciudadanía sobre las actividades y resultados del Ministerio del Deporte, promoviendo la transparencia y la confianza en la gestión pública. • Diseñar y ejecutar estrategias enfocadas en la mejora continua del servicio al ciudadano, asegurando que las interacciones con el Ministerio del Deporte sean eficaces, eficientes y satisfactorias. • Formular e implementar una estrategia de racionalización de trámites que facilite el acceso de la ciudadanía a los servicios ofrecidos por Mindeporte, reduciendo tiempos de espera y simplificando procesos. • Impulsar iniciativas que promuevan la participación ciudadana y la innovación en la gestión de la entidad, al mismo tiempo que se socializan los principios y valores de Mindeporte para fortalecer una cultura de integridad y responsabilidad. • Fortalecer los canales de denuncia dispuestos para la recepción de denuncias de posibles actos de corrupción.
B14: Componente | D14: Total de actividades | F14: % de avance | G14: Ponderación
B15: 1. Administración de Riesgos | D15: =COUNTA('Componente 1'!B6:B12) -> 7 | F15: =SUM('Componente 1'!L13+'Componente 1'!Q13) -> 0.28571429 | G15: =IFERROR(D15/$D$23,"0") -> 0.098591549
B16: 2. Medidas Debida Diligencia | D16: =COUNTA('Componente 2'!B6:B9) -> 4 | F16: =SUM('Componente 2'!L10+'Componente 2'!Q10) -> 0.25 | G16: =IFERROR(D16/$D$23,"0") -> 0.056338028
B17: 3. Participación Ciudadana y Rendición de Cuentas | D17: =COUNTA('Componente 3'!B6:B15) -> 10 | F17: =SUM('Componente 3'!L16+'Componente 3'!Q16) -> 0.40322 | G17: =IFERROR(D17/$D$23,"0") -> 0.14084507
B18: 4. Transparencia y acceso a la Información | D18: =COUNTA('Componente 4'!B6:B21) -> 16 | F18: =SUM('Componente 4'!L22+'Componente 4'!Q22) -> 0.483125 | G18: =IFERROR(D18/$D$23,"0") -> 0.22535211
B19: 5. Estado Abierto | D19: =COUNTA('Componente 5'!B6:B19) -> 14 | F19: =SUM('Componente 5'!L20+'Componente 5'!Q20) -> 0.28571429 | G19: =IFERROR(D19/$D$23,"0") -> 0.1971831
B20: 6. Legalidad e Integridad | D20: =COUNTA('Componente 6'!B6:B11) -> 6 | F20: =SUM('Componente 6'!L12+'Componente 6'!Q12) -> 0.19 | G20: =IFERROR(D20/$D$23,"0") -> 0.084507042
B21: 7. Redes Institucionales y Canales de Denuncia | D21: =COUNTA('Componente 7'!B6:B9) -> 4 | F21: =SUM('Componente 7'!L10+'Componente 7'!Q10) -> 0.25 | G21: =IFERROR(D21/$D$23,"0") -> 0.056338028
B22: 8. Iniciativas adicionales y conflicto de intereses | D22: =COUNTA('Componente 8'!B6:B15) -> 10 | F22: =SUM('Componente 8'!L16+'Componente 8'!Q16) -> 0.432 | G22: =IFERROR(D22/$D$23,"0") -> 0.14084507
D23: =SUM(D15:E22) -> 71 | F23: =SUM(F15:F22)/8 -> 0.3224717 | G23: =SUM(G15:G22) -> 1
B26: CONTROL DE CAMBIOS
B27: Número de versión | C27: Fecha | D27: Descripción de cambios
B28: 1 | C28: 45702 | D28: Creación del Documento
B29: 2 | C29: 45807 | D29: Se incluye en los componentes columnas para que la primera línes de defensa realice el reporte del avance cualitativo y cuantitativo en los dos (2) monitoreos.
B32: *Inserte la cantidad de celdas que se requiera

Sheet Instrucciones
B2: PROCESO: | G2: Versión: 2
B3: Direccionamiento Estratégico y Aprendizaje Organizacional | G3: Código: DE-FR-036
B4: FORMATO: | G4: Fecha: 30/05/2025
B5: Formulación plan monitoreo y ejecución Programa de Transparencia y Ética Pública
A7: PROGRAMA DE TRANSPARENCIA Y ÉTICA PÚBLICA
A9: Instrucciones de diligenciamiento PTEP
A10: Componentes y subcomponentes | B10: Los componentes y los subcomponentes se definien en el documento de formulación del Programa Transparencia y Ética Pública, puede contener la cantidad de actividades que estime el líder del componente, observando que aquellas que se formulen sean pertinentes y conducentes con la estrategia institucional de Lucha contra la corrupción.
A11: No / número | B11: Todas las actividades debe contar con numeración, en secuencia logica que relacione componente, subcomponente y acción a realizar. Como se ilustra en el siguiente ejemplo: Componente 1: Mapa de Riesgos, subcomponente 1: Política Administración de Riesgos, seguidamente de la númeración de la Acción: 1.1 Socializar la Politica de Administración de Riesgos del Ministerio del Deporte al interior de la entidad.
A12: Actividad | B12: Redactar y describir las acciones a relizar en lenguaje claro, con periodicidad de ejecución, producto esperado y en infinitivo (Ej. Redactar, instalar, divulgar, diligenciar, publicar, realizar, etc.)Eje: Mejorar el contenido de la pestaña Denuncias por Corrupción en la página Web para facilitar la lectura y la gestión de la ciudadanía.
A13: Meta o producto | B13: Definir cuantitativamente (numerico o porcentual) la cantidad que se logrará con la actividad o el producto que se espera obtener.Eje: Una (1) mejora del contenido en la pestaña de la página Web.
A14: Responsable | B14: Definir la o las dependencias que son líderes responsables de ejecutar o desarrollar la actividad.
A15: Responsable Dependencia Apoyo | B15: Definir la o las dependencias que apoyan en ejecutar o desarrollar la actividad.
A16: Recursos | B16: Identificar de manera general los recursos necesarios para el desarrollo de la actividad. Recursos: Humanos,Físicos,Tecnológicos, Financieros (En caso de requerir la acción propuesta de recursos de los proyectos de inversión, se sugiere incluirla dentro del Plan de acción para detallar el monto y programar los recursos del Proyecto: podría señalar el monto $ cantidad de recurso en número + proyecto de inversión que se afectaría ej. Fortalecimiento de la gestión y seguimiento institucional del Ministerio del Deporte)
A17: Indicador | B17: Se debe determinar la medida cuantitativa de acuerdo con la meta de la actividad. Eje: Número de Mejoras del contenido realizadas.
A18: Fecha de programación | B18: Definir las fechas en las cuales se desarrollará la actividad.
A19: Evaluación y Seguimiento
A20: Reporte (Primera Línea) | B20: Previa solicitud de la segunda linea de defensa (Oficina Asesora de Planeación) la dependencia responsable líder de la actividad, debe realizar la descripción de los avances o gestiones realizadas de manera cualitativa y cuantitativa, en el periodo del reporte, esto es, con corte a 30 de junio y 31 de diciembre de cada anualidad; donde también se debe mencionar los productos o metas logradas, así como las evidencias de lo señalado anteriormente. Ejemplo: Se realizó ajuste de las funciones 1, 2 y 9 de aseguramiento a cargo de la Oficina Asesora de Planeación; que se aprobaron en sesión del comité CICCI de 19 de enero de 2024; se visualiza en el siguiente enlace. Se realizó la convocatoria a este espacio mediante redes sociales de la Secretaría y con los dinamizadores locales y sus redes de ciudadanos en los territorios. Se publica sistematización en la página web de la institución.
A21: Monitoreo (Segunda Línea) | B21: La Oficina Asesora de Planeación debe describir las observaciones frente a los avances y/o gestiones registradas en los reportes, así como las sugerencias de mejora y/o alertas de cumplimiento.
A22: Seguimiento (Tercera Línea) | B22: La Oficina de Control Interno debe realizar el seguimiento del reporte del monitoreo aportado por la segunda Línea y valida los avances cualitativos y cuantitativos emitiendo observaciones, sugerencias de mejora y/o alertas de cumplimiento. La Oficina de Control Interno realiza evaluación de los seguimientos y monitoreos aportados por la segunda Línea, mediante Auditoría Interna, verifica los avances cualitativos y cuantitativos y emite hallazgos, observaciones, oportunidades de mejora y alertas de cumplimiento, según corresponda.

Sheet Componente 1
A1: PROGRAMA TRANSPARENCIA Y ÉTICA PUBLICA
A4: Componente 1: Administración de Riesgos | J4: Primer monitoreo - Primera Línea de Defensa | L4: Observaciones Segunda Línea de Defensa | O4: Segundo monitoreo - Primera Línea de Defensa | Q4: Observaciones Segunda Línea de Defensa | T4: Tercera Línea de Defensa
A5: Subcomponente | B5: No | C5: Acción | D5: Meta o producto | E5: Dependecia Responsable | F5: Dependencia de Apoyo | G5: Recursos | H5: Indicador | I5: Fecha de pogramación | J5: Avance cuantitativo | K5: Avance cualitativo | L5: Avance cuantitativo | M5: Avance cualitativo | N5: Observaciones | O5: Avance cuantitativo | P5: Avance cualitativo | Q5: Avance cuantitativo | R5: Avance cualitativo | S5: Observaciones | T5: Observaciones
A6: Subcomponente - Proceso 1: Política de Administración de Riesgos | B6: 1.1 | C6: Actualizar la Politica de Administración del Riesgo del Ministerio del Deporte de conformidad con los lineamientos establecidos por el DAFP y los aspectos relacionados en el Programa de Transparencia y Ética Pública | D6: Una politica de Administraciòn del Riesgo actualizada | E6: Oficina Asesora de Planeación | F6: Comité institucional de Coordinación de Control Interno | G6: Humano | H6: Nùmero de politicas de Administracón del Riesgo Actualizada | I6: 45930 | J6: 0 | K6: Se tiene programada presentar actualizaciòn de la Politica de Administración del Riesgo en el proximo Comité Institucional de Coordinaciòn de Control Interno, no se ha proporcionado fecha de realizaciòn por parte de la secretaria tecnica. La actividad se ejecutara en el segundo semestra de la vigencia | L6: 0 | M6: No obstanteque se identificó que la actividad se ejecuratará en el segundo semestre de la vigencia, se evidencia comunicación de la Oficina Asesora de Planeación solicitando espacio a la secretaria técnica del comité CICCI para presentar actualización de la Politica de Administración del Riesgo. | O6: 0 | Q6: 0
B7: 1.2 | C7: Realizar talleres de interiorización de la política de Administración de Riesgos con los líderes de proceso, gestores y demás funcionarios involucrados al interior del Ministerio del Deporte | D7: Tres (3) talleres de socialización de la politica de administración del Riesgo | E7: Oficina Asesora de Planeación | F7: Todos los procesos del Ministerio del Deporte | G7: Humano | H7: (Nùmero de talleres de interiorizaciòn de politica realizados / Número total de talleres programados de socializaciòn de polìtica de administración del riesgo) * 100 | I7: 46006 | J7: 0 | K7: Los talleres orientados a la apropiación e implementación de la Política de Administración del Riesgo se encuentran programados para ejecutarse una vez sea aprobada la política. Su realización está prevista para el segundo semestre del periodo vigente. | L7: 0 | M7: Se identificó que la actividad se ejecutara en el segundo semestre de la vigencia, el proceso no muestra avance cualitativo ni cuantitativo. | O7: 0 | Q7: 0
A8: Subcomponente - Proceso 2: Construcción del Mapa de Riesgos de Corrupción | B8: 2.1 | C8: Realizar el diagnóstico de los aspectos requeridos para la adopción e implementación del Sistema de Administración del Riesgo de Lavado de Activos y de la Financiación del Terrorismo - SARLAFT en Mindeporte. | D8: Un informe diagnóstico para la implementación del sistema SARLAFT | E8: Oficina Asesora de Planeación | F8: Todos los procesos del Ministerio del Deporte | G8: Humano | H8: Número de informes diagnósticos sobre el sistema SARLAFT realizados en la vigencia | I8: 46006 | J8: 0 | K8: El proceso se encuentra en fase de revisión documental, en espera de que el Departamento Administrativo de la Función Pública emita la actualización de la Guía para la Administración y el Diseño de Controles de las Entidades Públicas en su séptima versión, con el fin de aplicar los estándares establecidos en materia de riesgos asociados al Lavado de Activos y la Financiación del Terrorismo. | L8: 0 | M8: Se identificó que la actividad se ejecutara en el segundo semestre de la vigencia, el proceso no muestra avance cualitativo ni cuantitativo. | O8: 0 | Q8: 0
B9: 2.2 | C9: Brindar asesoria a los procesos del Ministerio del Deporte para ajustar y/o actualizar los Riesgos de Corrupción | D9: Dieciocho (18) asesorias de Riesgos de Corrupciòn | E9: Oficina Asesora de Planeación | F9: Todos los procesos del Ministerio del Deporte | G9: Humano | H9: (Número de asesorias realizadas con los procesos / Numero total de asesorias programadas sobre Riesgos de Corrupción) * 100 | I9: 45792 | J9: 0 | K9: De acuerdo con la planeación definida para la actualización de los riesgos, durante el último trimestre de la vigencia 2024, se llevó a cabo una primera etapa de revisión integral de riesgos, incluyendo aquellos asociados a la corrupción. Para tal fin, se realizaron mesas de trabajo por cada proceso, permitiendo una revisión detallada y participativa. La consolidación de los mapas de riesgos de corrupción se encuentra publicados en la pagina web de la entidad, en la siguiente ruta: https://www.mindeporte.gov.co/planeacion-gestion-control/modelo-integrado-planeacion-gestion/planeacion/corto-plazo-1/programa-transparencia-etica-publica Como evidencia de esta actividad, se adjunta: presentación en PowerPoint, archivo en Excel con la socialización de los mapas de riesgos de cada proceso, actas de reunión y consolidación de los riesgos v1. | L9: 1 | M9: Se verifica realizaron de mesas de trabajo con los dieciocho proceso (18) para la identificación y valoración de los riesgos de corrupción en el ministerio del Deporte, correspondiente a la vigencia 2025. Del ejercicio realizado se aporto evidencia de publicación de matriz con la consolidación de los riesgos identificados con ecepción de dos procesos: Direccionamiento Estratégico y Aprendizaje Organizacional y Gestión Ambiental que no identificaron esta tipologia de riesgo en las actividades que realizan. Se visualiza en el siguiente enlace: https://www.mindeporte.gov.co/planeacion-gestion-control/modelo-integrado-planeacion-gestion/planeacion/corto-plazo-1/programa-transparencia-etica-publica Nota: Los riesgos son dinamicos y de acuerdo al contexto de cada proceso puede actualizarse | N9: Teniendo en cuenta el dinamismo de la administración del riesgos, las revisiones y ajustes, pueden llegar a ser permanente. | O9: 0 | Q9: 0
A10: Subcomponente - Proceso 3: Consulta y Divulgación | B10: 3.1 | C10: Socializar mediante piezas comunicativas la información relevante relacionada con la gestión del Riesgo de la Entidad. | D10: Tres (3) piezas comunicativas socializadas | E10: Oficina Asesora de Planeación | F10: GIT Comunicaciones | G10: Humano | H10: (Número de piezas gráficas socializadas / Número total de piezas graficas programadas en la vigencia) * 100 | I10: 46006 | J10: 0 | K10: Actividad se reportará en el segundo semestre de la presente vigencia de acuerdo con la fecha programada de las piezas comunicativas para dar a conocer aspectos relevantes de la Administraciòn del Riesgo. | L10: 0 | M10: Se identificó que la actividad se ejecutara en el segundo semestre de la vigencia, el proceso no muestra avance cualitativo ni cuantitativo. | O10: 0 | Q10: 0
A11: Subcomponente - Proceso 4: Monitoreo o revisión | B11: 4.1 | C11: Realizar el monitoreo y el reporte de avances en la administración de los riesgos por proceso de la Entidad. | D11: Tres (3) monitoreos a los Mapas de riesgos de corrupción de cada proceso con el reporte de monitoreo cuatrimestral | E11: Oficina Asesora de Planeación | F11: Todos los procesos del Ministerio del Deporte | G11: Humano | H11: (Numero de monitoreo de mapas de riescos de corrupción reportados / Numero total de monitoreos cuatrimestrales programados ) * 100 | I11: 46006 | J11: 0.33 | K11: Se realizó el primer monitoreo cuatrimestral a los mapas de riesgos de corrupción del Ministerio del Deporte - 2dalínea de defensa y se generó Informe monitoreo de segunda línea de defensa a los mapas de riesgos de gestión, corrupción, fiscal y de seguridad de la información- corte 30 de abril 2025 Publicación en ISOLUCION. *Primer monitoreo cuatrimestral a los mapas de riesgos Ruta: Tip de Interes/riesgos Institucionales/monitoreo 2025/Primer Monitoreo cuatrimestral. *Informe monitoreo de segunda línea de defensa Ruta: Tip de Interes/riesgos Institucionales/Informes de Monitoreo 2da Linea de Defensa | L11: 0.33 | M11: Se verifico reporte de 18 Mapas de riesgos por parte de los líderes de proceso con los riesgos identificados para la vigencia 2025. El primer monitoreo realizado por la primera linea de defensa que contiene las matrices de los Mapas de Riesgos se encuentra disponibles en el aplicativo ISOLUCION en la siguiente Ruta de acceso: *Primer monitoreo cuatrimestral a los mapas de riesgos Ruta: Tip de Interes/riesgos Institucionales/monitoreo 2025/Primer Monitoreo cuatrimestral. *Informe monitoreo de segunda línea de defensa Ruta: Tip de Interes/riesgos Institucionales/Informes de Monitoreo 2da Linea de Defensa. Respecto al avance en la Administración del riesgo se valida informe generado por la segunda línea de defensa a los mapas de riesgos de gestión, corrupción, fiscal y de seguridad de la información, documento que discrimina cada una de sus etapas la aplicación de los controles a los 69 riesgos identificados y las acciones emprendidas para mitigarlos y evitar su materializaciòn - corte 30 de abril 2025. Se visualiza en el siguiente enlace: https://coldeportes.sharepoint.com/:f:/r/sites/oficinaasesoraplaneacion/Documentos%20compartidos/OAP/2.%20GIT%20Planeaci%C3%B3n%20y%20Gesti%C3%B3n/Vigencia%202025/16.%20Programa%20de%20Transparencia%20y%20%C3%89tica%20P%C3%BAblica_/Componente%201.%20Administraci%C3%B3n%20del%20Riesgo/4.1?csf=1&web=1&e=jEGNgp | O11: 0 | Q11: 0
A12: Subcomponente -Proceso 5: Seguimiento | B12: 5.1 | C12: Realizar seguimiento cuatrimestral al mapa de riesgos de corrupción del Ministerio del Deporte - tercera línea de defensa y publicar el resultado en la página web institucional dentro de los diez (10) primeros días hábiles siguientes al periodo evaluado. | D12: Tres (3) Informes de seguimiento de la administración del riesgo - Matriz de Riesgos de Corrupción -MRC publicados | E12: Oficina de Control Interno | F12: Oficina Asesora de Planeación | G12: Equipo de Auditores de la OCI Equipos de Cómputo GESDOC Herramientas de trabajo colaborativo y en la nube | H12: Número de informes de seguimiento de la administración del riesgo MRC publicados | I12: 16/01/2025 15/05/2025 12/09/2025 | J12: =(2/3) -> 0.66666667 | K12: Se realizó el seguimiento cuatrimestral al mapa de riesgos de corrupción del Ministerio del Deporte - tercera línea de defensa y se publicó el resultado en la página web institucional dentro de los diez (10) primeros días hábiles siguientes al periodo evaluado, así: - Informe de seguimiento de la administración del riesgo - Matriz de Riesgos de Corrupción -MRC, último cuatrimestre de 2024 GESDOC 2025IE0000187. Enlace publicación: https://www.mindeporte.gov.co/recursos_user/2025/CONTROL_INTERNO/17._Informe_final_PAAC_-_MRC_-_SUIT_III_Cuatrimestre_2024.pdf - Informe de seguimiento de la administración del riesgo - Matriz de Riesgos de Corrupción -MRC, primer cuatrimestre de 2025 GESDOC 2025IE0004284. Enlace publicación: https://www.mindeporte.gov.co/recursos_user/2025/CONTROL_INTERNO/mayo/Informe_seguimiento_Politica_Riesgos_Evaluacion_Mapa_Riesgos_Corrupcion_y_Fiscales_2025_1.pdf | L12: 0.67 | M12: Se verifica publicación de informe de seguimiento del tercer cuatrimestre de la vigencia 2024 y del primer cuatrimestre de la vigencia 2025, a Mapas de riesgos de corrupción por parte de la Oficina de Control Interno en su rol de tercera línea de defensa. Respecto a la publicaciòn del seguimiento del primer cuatrimestre de la vigencia 2025 se evidencio que se creo la carpeta el 9 de mayo de 2025 y con posterioridad se publicò el informe. Se visualiza en los siguiente enlace: - Informe de seguimiento de la administración del riesgo tercer cuatrimestre vigencia 2024: https://www.mindeporte.gov.co/recursos_user/2025/CONTROL_INTERNO/17._Informe_final_PAAC_-_MRC_-_SUIT_III_Cuatrimestre_2024.pdf - Informe de seguimiento de la administración del riesgo primer cuatrimestre vigencia 2025: https://www.mindeporte.gov.co/recursos_user/2025/CONTROL_INTERNO/mayo/Informe_seguimiento_Politica_Riesgos_Evaluacion_Mapa_Riesgos_Corrupcion_y_Fiscales_2025_1.pdf https://www.mindeporte.gov.co/control-rendicion-cuentas/sistema-control-interno/informes-mapa-riesgos-gestion/2025 | O12: 0 | Q12: 0
J13: =AVERAGE(J6:J12) -> 0.14238095 | L13: =AVERAGE(L6:L12) -> 0.28571429 | O13: =AVERAGE(O6:O12) -> 0 | Q13: =AVERAGE(Q6:Q12) -> 0

Sheet Componente 2
A1: PROGRAMA TRANSPARENCIA Y ÉTICA PUBLICA
A4: Componente 2: Medidas de debida diligencia | J4: Primer monitoreo - Primera Línea de Defensa | L4: Observaciones Segunda Línea de Defensa | O4: Segundo monitoreo - Primera Línea de Defensa | Q4: Observaciones Segunda Línea de Defensa | T4: Tercera Línea de Defensa
A5: Subcomponente | B5: No | C5: Acción | D5: Meta o producto | E5: Dependecia Responsable | F5: Dependencia de Apoyo | G5: Recursos | H5: Indicador | I5: Fecha de pogramación | J5: Avance cuantitativo | K5: Avance cualitativo | L5: Avance cuantitativo | M5: Avance cualitativo | N5: Observaciones | O5: Avance cuantitativo | P5: Avance cualitativo | Q5: Avance cuantitativo | R5: Avance cualitativo | S5: Observaciones | T5: Observaciones
A6: Subcomponente 1 Adecuación Institucional para cumplir con la Debida Diligencia | B6: 1.1 | C6: Realizar validación mediante la verificación del candidato a vincularce como funcionario en Listas Restrictivas para la prevención del Lavado de Activos y Financiación del Terrorismo | D6: Verificar el 100% de lo candidatos a vincular como funcionarios en listas restrictivas. | E6: GIT Talento Humano | F6: Oficina Asesora de Planeación | G6: Humanos y Tecnologícos. | H6: # de funcionarios vinculados verificados en listas R x 100 Total de funcionarios vinculados | I6: 46006 | J6: 0 | K6: Para dar cumplimiento a la presente actividad se hace necesario hacer ajustes en el formato GH-FR-61 Requisitos de Posesión, incorporando dentro de la lista, la consulta de los vinculados a listas restrictivas de lavado de activos (Item 11), para lo cual se están llevando a cabo mesas de trabajo en la actualización del procedimiento GH-PD-026 Vinculación de Servidores Públicos. | L6: 0 | M6: Se identificó que la actividad se ejecutara en el segundo semestre de la vigencia, el proceso muestra un análisis de los requisitos para avanzar en su ejecución no presenta reporte cuantitativo. | O6: 0 | Q6: 0
A7: Subcomponente 2 Construcción de plan de trabajo para adaptar y/o desarrollar la Debida Diligencia | B7: 2.1 | C7: Realizar la validación de la contraparte que pretenda suscribir contratos con el Ministerio del Deporte, garantizando que no esten incluidos en las listas restrictivas de Lavado de Activos | D7: Verificar en las listas restrictivas de Lavado de Activos el 100% de los contratistas del Ministerio del Deporte | E7: GIT Contratación | F7: Secretaria General | G7: Humanos y Tecnologícos. | H7: (Numero de contratistas vericados en las listas restrictivas de lavados de Activos / Numero total de contratistas ) * 100 | I7: 46006 | J7: 0.5 | K7: Durante el primer semestre desde el GIT contratación se ha realizado la verificación de 614 contratistas, evidenciando que ninguno ha estado incluido en listas restrictivas por lavado de activos, este documento se sube en la plataforma Secop y puede ser consultado a través del enlace de cada contrato. Teniendo en cuenta que el seguimiento se realizará tambien durante Il segundo semestre se reporta avance del 50% | L7: 0.5 | M7: Se verifica la relación de 614 registros de contratistas susctitos en la vigencia 2025, evidenciándose que dichos registros cuentan con el respectivo soporte documental en la sección "Documentos del proveedor" de la plataforma SECOP II. Entre los documentos se encuentra la constancia de consulta en la base de datos de la Oficina de Control de Activos Extranjeros (OFAC) del Departamento del Tesoro de los Estados Unidos, en cumplimiento de los lineamientos en materia de prevención del lavado de activos. Nota: Se efectuó una verificación aleatoria en el aplicativo SECOP II sobre dieciséis (16) contratos suscritos, evidenciándose que todos cuentan con el soporte documental correspondiente a la consulta en la base de datos de la Oficina de Control de Activos Extranjeros (OFAC). Esta validación se realizó previamente a la vinculación de las respectivas contrapartes con el Ministerio del Deporte, en cumplimiento a la normatividad vigente. | O7: 0 | Q7: 0
A8: Subcomponente 3 Gestión de la Debida Diligencia | B8: 3.1 | C8: Realizar consulta a la OCID sobre los procesos en los que se han presentado denuncias de presuntos casos de corrupción. | D8: Tres (3) consultas realizadas a la OCID de procesos en los que se han presentado denuncias de presuntos casos de corrupción. | E8: Oficina de Control Interno | F8: Oficina de Control Interno Disciplinario | G8: Equipo de Auditores de la OCI Equipos de Cómputo GESDOC Herramientas de trabajo colaborativo y en la nube | H8: Número de consultas realizadas a la OCID de procesos en los que se han presentado denuncias de presuntos casos de corrupción. | I8: 16/01/2025 15/05/2025 12/09/2025 | J8: 0.33 | K8: Se realizó consulta a la OCID sobre los procesos en los que se han presentado denuncias de presuntos casos de corrupción, de fecha 7 de julio. Se adjunta copia del correo. NOTA: Se solicita reprogramación de las fechas de la presente actividad, así: 07/07/2025 12/09/2025 12/11/2025 | L8: 0 | M8: Se verificó la comunicación del 7 de julio de 2025, enviada vía correo electrónico, mediante la cual se consulta a la Oficina de Control Interno Disciplinario (OCID) sobre los procesos que han sido objeto de denuncias relacionadas con presuntos actos de corrupción. No obstante, se desconoce si dicha comunicación habilita a la Oficina de Control Interno para adelantar actuaciones adicionales, en atención a las restricciones derivadas de la reserva procesal aplicable a los expedientes disciplinarios. Se identificò que la solicitud se realizo fuera de la fecha programada. Nota: En relación con la reprogramación de las fechas asociadas a la actividad, se debe dar cumplimiento a lo establecido en el procedimiento DE-PD-016, numeral 4.5 de las Políticas de Operación, el cual dispone que las modificaciones deberán ser solicitadas por el líder del proceso con una antelación mínima de un mes respecto a la fecha prevista para la ejecución de la actividad. Los soportes se visualizan en el siguiente enlace: https://coldeportes.sharepoint.com/:f:/r/sites/oficinaasesoraplaneacion/Documentos%20compartidos/OAP/2.%20GIT%20Planeaci%C3%B3n%20y%20Gesti%C3%B3n/Vigencia%202025/16.%20Programa%20de%20Transparencia%20y%20%C3%89tica%20P%C3%BAblica_/Componente%202.%20Medidas%20de%20debida%20Diligencia/3.1?csf=1&web=1&e=xK1uGU | O8: 0 | Q8: 0
B9: 3.2 | C9: Informar en las sesiones ordinarias del Comité Insitucional de Coordinación de Control Interno -CICCI el seguimiento de presuntos casos de corrupción. En caso de tenerse nuevas denuncias de asuntos no evaluados y no incluidos en el Plan Anual de Auditoría Interna -PAAI vigente, en el CICCI se presentará solicitud de modificación del Plan Anual de Auditoría, a fin evaluar la inclusión de Auditoría Especial para evaluación del componente jurídico y financiero del proceso que presenta la denuncia. | D9: Dos (2) informes presentados al CICCI, uno en cada sesión ordinaria, con respecto al seguimiento de presuntos casos de corrupción | E9: Oficina de Control Interno | F9: Integrantes del CICCI: Despacho Viceministerio Direcciones Técnicas Oficina Asesora Jurídica Oficina Asesora de Planeación Oficina de Control Interno Disciplinario | G9: Equipo de Auditores de la OCI Equipos de Cómputo GESDOC Herramientas de trabajo colaborativo y en la nube | H9: Número de informes presentados al CICCI, uno en cada sesión ordinaria, con respecto al seguimiento de presuntos casos de corrupción | I9: 31/01/2025 30/08/2025 | J9: 0.5 | K9: No se presentaron reportes recibidos en la Oficina de Control Interno, respecto de presuntos casos de corrupción, así las cosas, en la sesión ordinaria No. 1 del Comité Insitucional de Coordinación de Control Interno -CICCI, de fecha 30 de enero de 2025, no fue requerido realizar seguimiento de presuntos casos de corrupción; en esta sesión se realizó aprobación del Plan Anual de Auditoría Interna, en el que se incluyeron tres informes de seguimiento a la matriz de riesgos de corrupción. Se adjunta Acta y PAAI V-1 aprobado. | L9: 0.5 | M9: Se valida el acta del Comité Institucional de Coordinación de Control Interno, en la cual se incluye, dentro de los puntos tratados en la agenda, el seguimiento al monitoreo de los riesgos institucionales, incluyendo aquellos asociados a corrupción, presentado por la Oficina Asesora de Planeación. Sin embargo, no se evidencia en el acta información que permita determinar si se presentaron denuncias formales ante la Oficina de Control Interno. Los soportes se visualizan en el siguiente enlace: https://coldeportes.sharepoint.com/:f:/r/sites/oficinaasesoraplaneacion/Documentos%20compartidos/OAP/2.%20GIT%20Planeaci%C3%B3n%20y%20Gesti%C3%B3n/Vigencia%202025/16.%20Programa%20de%20Transparencia%20y%20%C3%89tica%20P%C3%BAblica_/Componente%202.%20Medidas%20de%20debida%20Diligencia/3.2?csf=1&web=1&e=DelQNI | O9: 0 | Q9: 0
J10: =AVERAGE(J6:J9) -> 0.3325 | L10: =AVERAGE(L6:L9) -> 0.25 | O10: =AVERAGE(O6:O9) -> 0 | Q10: =AVERAGE(Q6:Q9) -> 0

Sheet Componente 3
A1: PROGRAMA TRANSPARENCIA Y ÉTICA PUBLICA
A4: Componente 3: Participación Ciudadana y Rendición de Cuentas | J4: Primer monitoreo - Primera Línea de Defensa | L4: Observaciones Segunda Línea de Defensa | O4: Segundo monitoreo - Primera Línea de Defensa | Q4: Observaciones Segunda Línea de Defensa | T4: Tercera Línea de Defensa
A5: Subcomponente | B5: No | C5: Acción | D5: Meta o producto | E5: Dependecia Responsable | F5: Dependencia de Apoyo | G5: Recursos | H5: Indicador | I5: Fecha de pogramación | J5: Avance cuantitativo | K5: Avance cualitativo | L5: Avance cuantitativo | M5: Avance cualitativo | N5: Observaciones | O5: Avance cuantitativo | P5: Avance cualitativo | Q5: Avance cuantitativo | R5: Avance cualitativo | S5: Observaciones | T5: Observaciones
A6: Subcomponente 1 Planeación de la estrategia de Relacionamiento con el ciudadadano y condiciones para la promoción de la participación ciudadana | B6: 1.1 | C6: Realizar la caracterización de ciudadanos y grupos de interés del Ministerio del Deporte | D6: Un documento de caracterización de ciudadanos y grupos de interés del Ministerio del Deporte | E6: Servicio Integral al Ciudadano | F6: Dependencias involucradas | G6: Humano | H6: Porcentaje de avance en las actividades para el desarrollo de la caracterización de ciudadanos y grupos de interés del Ministerio del Deporte | I6: 45884 | J6: 0.35 | K6: Desde esta vigencia el proceso de caracterización y reconocimiento de ciudadanías diversas y grupos de valor se llevará a cabo en 5 fases o etapas. (Cada una de ellas con un valor de 20%).el avance en el indicador de caracterización para el primer semestre es: • 20% cumpliéndose lo estipulado para la primera fase del proceso el cual se denominó “Reconocimiento ejercicios previos de caracterización”. El cual tiene como objetivo: revisar y analizar los avances que tiene la entidad sobre el tema, las recomendaciones que se hicieron en anteriores ejercicios y las bases utilizadas en cada uno de ellos. Además de establecer de manera formal el equipo de caracterización y programar la 1ra jornada de capacitación para cada una de las áreas involucradas. • 15% Se avanza con la construcción del objetivo y se realiza capacitación a los enlaces sobre la identificación de variables y grupos de valor y se identifican en cada una de las áreas. Se recolecta la información sobre las variables y grupos de valor de cada una de las áreas Lo anterior para un total de avance del 35%. | L6: 0.35 | M6: Verificados los documentos de trabajo aportados por el Grupo Interno de Trabajo de Servicio Integral al Ciudadano, correspondientes al desarrollo de las tres primeras etapas del ejercicio de caracterización reconocimiento de ciudadanías diversas y grupos de valor. Se evidencia una modificación en la metodología previamente utilizada por la entidad, transitando de un enfoque segmentado por Grupos Internos de Trabajo hacia la consolidación de un único documento integrador. Dicho documento recopila la identificación de variables clave para establecer las necesidades, características y formas de interacción de estos grupos con la entidad. Se visualiza en el siguiente enlace: https://coldeportes.sharepoint.com/:f:/r/sites/oficinaasesoraplaneacion/Documentos%20compartidos/OAP/2.%20GIT%20Planeaci%C3%B3n%20y%20Gesti%C3%B3n/Vigencia%202025/16.%20Programa%20de%20Transparencia%20y%20%C3%89tica%20P%C3%BAblica_/Componente%203.%20Participaci%C3%B3n%20Ciudadana%20y%20Rendici%C3%B3n%20de%20Cuentas/1.1?csf=1&web=1&e=xmZ45t | O6: 0 | Q6: 0
B7: 1.2 | C7: Establecer la programación de espacios de participación ciudadana y rendición de cuentas durante la vigencia | D7: Una programación Institucional de espacios de participación ciudadana y rendición de cuentas vigencia 2025 publicada en la página web de la entidad | E7: Servicio Integral al Ciudadano | F7: Dependencias involucradas | G7: Humano | H7: Porcentaje de avance en las actividades para la elaboración de la programación institucional de espacios de participación ciudadana y rendicipon de cuentas | I7: 45762 | J7: 1 | K7: 6 de 6 Actividades para la elaboración de la programación institucional de espacios de participación ciudadana y rendición de cuentas: 1,Se conformó el equipo líder de la gestión de la participación ciudadana y rendición de cuentas en la entidad para poner en marcha la formulación de los ejercicios de la estrategia de participación ciudadana y rendición de cuentas 2025. 2.Se diseño y desarrolló la capacitación para el equipo líder de gestión de la participación ciudadana y rendición de cuentas en la entidad para promover la incidencia ciudadana en el Ministerio del Deporte y garantizar que, durante la ejecución de las actividades, se garantice la comunicación con la ciudadanía y donde se orientó acerca de como formular los ejercicios de partcipáción. 3. Se publicó en la página web la Estrategia de participación ciudadana y se incorporó acciones de diseño, en donde se promueve el deporte la recreación y la actividad física mediante la campaña ¡En la jugada con la participación ciudadana! La estrategia puede ser consultada en el portal web a través del siguiente enlace: https://www.mindeporte.gov.co/atencion-servicio-ciudadania/participacion-ciudadana/estrategia-participacion-ciudadana/2025 4. Se publicó en la página web la Estrategia de Rendición de Cuentas y se incorporó acciones de diseño, en donde se promueve el deporte la recreación y la actividad física mediante la campaña ¡En la jugada con la rendición de cuentas! La estrategia puede ser consultada en el portal web a través del siguiente enlace: https://www.mindeporte.gov.co/control-rendicion-cuentas/rendicion-cuentas/acciones-rendicion-cuentas-2025/estrategia-rendicion-cuentas-2025 5. Se definieron los ejercicios de participación ciudadana y se publicó la primera y segunda versión en la página web. Puede consultarlos en el siguiente enlace: https://www.mindeporte.gov.co/atencion-servicio-ciudadania/participacion-ciudadana/estrategia-participacion-ciudadana/2025 6. Se definieron los ejercicios de rendición de cuentas y se publicó la primera y segunda versión en la página web. Puede consultarlos en el siguiente enlace:https://www.mindeporte.gov.co/control-rendicion-cuentas/rendicion-cuentas/acciones-rendicion-cuentas-2025/estrategia-rendicion-cuentas-2025 | L7: 1 | M7: Se verificó la publicación en el portal web institucional el Calendario de Ejercicios de Participación Ciudadana y Rendición de Cuentas correspondiente al año 2025. Se identificaron los ejercicios programados por las diferentes dependencias, articulados con la estrategia institucional de participación. Asimismo, se constató que la matriz se encuentra en su segunda versión, actualizada mediante la inclusión de nuevos ejercicios y modificaciones en la numeración.. se visualiza en el siguiente enlace: https://www.mindeporte.gov.co/atencion-servicio-ciudadania/participacion-ciudadana/estrategia-participacion-ciudadana/2025 | O7: 0 | Q7: 0
A8: Subcomponente 2 Gestión del Relacionamiento con el ciudadano y promoción de la participación ciudadana | B8: 2.1 | C8: Promover la cualificación de la ciudadanía en los procesos de participación ciudadana y control social a la gestión pública. | D8: Un (1) curso promocionado de participación ciudadana | E8: Servicio Integral al Ciudadano | F8: Oficina Asesora de Planeación - Escuela Virtual del Deporte | G8: Humano - Tecnológicos | H8: Aumento del 10% de los partipantes que aprueban el curso con respecto a la vigencia anterior | I8: 45976 | J8: 0 | K8: La medición cuantitativa se realizará al finalizar la vigencia. Como avance se tiene que a 30 de junio de 2025 han aprobado 192 participantes y a diciembre de 2024 se tuvo 230 aprobados | L8: 0 | M8: A pesar de que la ejecución de la actividad está programada para el segundo semestre de la vigencia, se evidencia un avance significativo reportado por la primera línea de defensa, reflejado en el número de participantes que aprobaron el curso de participación ciudadana ofrecido a través de la plataforma de la Escuela Virtual del Deporte. Según los resultados consignados en el informe, se registró un total de 192 participantes aprobados. Este resultado representa un avance relevante frente a la meta establecida de incrementar en un 10% el número de aprobados en comparación con la vigencia anterior, proyectando así el cumplimiento del objetivo para el segundo semestre. los soportes se visualizan en el siguiente enlace: https://coldeportes.sharepoint.com/:f:/r/sites/oficinaasesoraplaneacion/Documentos%20compartidos/OAP/2.%20GIT%20Planeaci%C3%B3n%20y%20Gesti%C3%B3n/Vigencia%202025/16.%20Programa%20de%20Transparencia%20y%20%C3%89tica%20P%C3%BAblica_/Componente%203.%20Participaci%C3%B3n%20Ciudadana%20y%20Rendici%C3%B3n%20de%20Cuentas/2.1?csf=1&web=1&e=TNZySH | O8: 0 | Q8: 0
B9: 2.2 | C9: Publicar en la página web del Ministerio del Deporte el proyecto de agenda regulatoria de la entidad previsto para la vigencia 2026. | D9: Una (1) Publicación realizada en la página web. | E9: Oficina Asesora Juridica | F9: GIT Comunicaciones | G9: Humano - Tecnológicos | H9: Número de publicaciones realizadas en la página web | I9: 45961 | J9: 0 | K9: El proyecto de agenda regulatoria 2026 esta previsto para publicarse el 31 de octubre del 2025 de acuerdo con la normatividad vigente, esto es, el articulo 2.1.2.1.20 del Decreto 1081 de 2025. | L9: 0 | M9: No obstante que, se identificó que la actividad se ejecuratará en el segundo semestre de la vigencia, no se evidencia avance reportado por la primera línea de defensa. | O9: 0 | Q9: 0
A10: Subcomponente 3 Informar avances y resultados de la gestión con calidad y en lenguaje comprensible | B10: 3.1 | C10: Formular y ejecutar la Estrategia de Comunicaciones para la Rendición de Cuentas 2025 | D10: Una estrategia de comunicaciones formulada e implementada | E10: GIT Comunicaciones | F10: Dependencias involucradas | G10: Humano - Tecnológicos | H10: Número de actividades de la estrategia ejecutadas/total de actividades de la estrategia planteadas | I10: 45976 | J10: 0.875 | K10: Se formuló una estrategia de Comunicaciones para Rendición de Cuentas 2025. https://www.mindeporte.gov.co/recursos_user/2025/SERVICIO_INTEGRAL_AL_CIUDADANO/mayo/Estrategia_comunicaciones_Rendicion_de_Cuentas_2025_Mindeporte.pdf Se está implementando la estrategia y se lleva un cumplimiento del 87,5% https://coldeportes.sharepoint.com/:b:/s/oficinaasesoraplaneacion/EYAHBHX7N_JMiBz16REDFWABSTF9bb6_Naodi7fFnl4pIg?e=IKY9Ch | L10: 0.7222 | M10: Se verificó la publicación de la Estrategia de Rendición de Cuentas en el sitio web institucional, así como el correspondiente informe de avance, disponible en la carpeta compartida de SharePoint. El informe evidencia la ejecución de ocho (8) acciones distribuidas en los siguientes subcomponentes: a) Subcomponente de Información, con cuatro (4) acciones reportadas como cumplidas; b) Subcomponente de Diálogo, en el cual se formularon dos (2) acciones, una de ellas ejecutada y la otra pendiente de implementación, relacionada con la realización de la Audiencia Pública de Rendición de Cuentas; y c) Subcomponente de Responsabilidad, que presenta una (1) acción parcialmente cumplida, correspondiente a la ejecución de dos campañas internas sobre la importancia de la rendición de cuentas, de las cuales se ha desarrollado una (1) durante el primer semestre de la vigencia (denominada "Jugamos con Transparencia"). De acuerdo con el análisis efectuado por la segunda línea de defensa, el avance global de la estrategia alcanza un 72,22 % de cumplimiento. Los soportes se visualizan en el siguiente enlace: https://coldeportes.sharepoint.com/:f:/r/sites/oficinaasesoraplaneacion/Documentos%20compartidos/OAP/2.%20GIT%20Planeaci%C3%B3n%20y%20Gesti%C3%B3n/Vigencia%202025/16.%20Programa%20de%20Transparencia%20y%20%C3%89tica%20P%C3%BAblica/Componente%203.%20Participaci%C3%B3n%20Ciudadana%20y%20Rendici%C3%B3n%20de%20Cuentas/3.1?csf=1&web=1&e=Mzy24L | O10: 0 | Q10: 0
B11: 3.2 | C11: Realizar campaña de comunicación para la interiorización de los conceptos de la participación ciudadana y la rendición de cuentas | D11: 10 piezas de comunicación | E11: Servicio Integral al Ciudadano | F11: GIT Comunicaciones | G11: Humano | H11: Número de piezas de comunicación realizadas | I11: 45991 | J11: 1 | K11: A junio se cumplió con la meta etablecida de 10 piezas comunicativas. Ver SEGUIMIENTO A CAMPAÑA DE SERVICIO INTEGRAL AL CIUDADANO 2025.xls | L11: 1 | M11: Se verificó la publicación de 15 piezas gráficas en la intranet institucional durante la vigencia 2025, en el marco de la estrategia de Promoción de la Participación Ciudadana y la Rendición de Cuentas. Esta información fue validada con base en los registros consignados en la matriz de seguimiento a las campañas del Grupo Interno de Trabajo de Servicio Integral al Ciudadano, reportados por la primera línea de defensa, como parte de las acciones de divulgación de los espacios de rendición de cuentas y participación ciudadana. Se visualiza en el siguiente enlace: https://coldeportes.sharepoint.com/:f:/r/sites/oficinaasesoraplaneacion/Documentos%20compartidos/OAP/2.%20GIT%20Planeaci%C3%B3n%20y%20Gesti%C3%B3n/Vigencia%202025/16.%20Programa%20de%20Transparencia%20y%20%C3%89tica%20P%C3%BAblica_/Componente%203.%20Participaci%C3%B3n%20Ciudadana%20y%20Rendici%C3%B3n%20de%20Cuentas/3.2?csf=1&web=1&e=x3hkBQ | O11: 0 | Q11: 0
B12: 3.3 | C12: Revisar y actualizar el Menú Participa de acuerdo a los lineamientos de la resolución 1519 de 2020 | D12: Alcanzar el 88% de cumplimiento de los criterios definidos en el MenúPparticipa | E12: Servicio Integral al Ciudadano | F12: Oficina Asesora de Planeación | G12: Humano | H12: (Número de criterios definidos para el menú participa cumplidos en la vigencia / Numero de criterios definidos del Menú Participa que le aplican a la entidad) * 100 | I12: 45991 | J12: =31/40 -> 0.775 | K12: Durante lo corrido del año se han realizado actualizaciones constantes al menú Participa de la Sede electrónica. El avance cuantitativo definitivo se reportará al finalizar la vigencia. Sin embargo, fruto de la revisiòn a la matriz ITA a corte de junio se tiene: 6. 1 Descripción General. 10 items cumplidos; 6.2.1. Diagnóstico e identificación de problemas: 4 items cumplidos; 6.2.2. Planeación y presupuesto participativo : 4 items que No aplican; 6.2.3. Consulta Ciudadana: 5 itemss cumplidos; 6.2.4.Colaboración e innovación: 6 por verficar; 6.2.5. Rendición de cuentas: 6 items cumplidos 2 por verificar; 6.2.6. Control social: 6 items vumplidos 1 por verificar Total general 31 cumplidos 4 No aplican 9 por verificar. | L12: 0.78 | M12: Se verificó la matriz de seguimiento correspondiente a las actualizaciones del apartado "Menú Participa" del portal web del Ministerio del Deporte. De acuerdo con el informe presentado por el Grupo Interno de Trabajo de Servicio Integral al Ciudadano, se validó un nivel de cumplimiento parcial de los ítems establecidos, teniendo en cuenta las exclusiones aplicables a la entidad. Bajo estos criterios, se identificaron 9 ítems pendientes de cumplimiento, los cuales representan el 22% del total de obligaciones exigibles. No obstante, considerando que el proceso de verificación continúa y que la matriz se encuentra en fase de actualización, es factible que se logre un incremento en el nivel de cumplimiento antes de la presentación del reporte del Índice de Transparencia y Acceso a la Información ante la Procuraduría General de la Nación. Se visualiza los soportes en el siguiete enlace: https://coldeportes.sharepoint.com/:f:/r/sites/oficinaasesoraplaneacion/Documentos%20compartidos/OAP/2.%20GIT%20Planeaci%C3%B3n%20y%20Gesti%C3%B3n/Vigencia%202025/16.%20Programa%20de%20Transparencia%20y%20%C3%89tica%20P%C3%BAblica_/Componente%203.%20Participaci%C3%B3n%20Ciudadana%20y%20Rendici%C3%B3n%20de%20Cuentas/3.3?csf=1&web=1&e=eXgpcT | O12: 0 | Q12: 0
A13: Subcomponente 4. Desarrollar escenarios de diálogo de doble vía con la ciudadanía y sus organizaciones | B13: 4.1 | C13: Ejecutar y hacer seguimiento a la programación de espacios de participación ciudadana y rendición de cuentas durante la vigencia. | D13: Dos (2) informes de seguimiento a la programación de espacios de participación ciudadana y rendición de cuentas durante la vigencia. | E13: Dependencias involucradas | F13: Servicio Integral al Ciudadano | G13: Humano | H13: Porcentaje de ejecución de los espacios de participación ciudadana | I13: 30/06/2025 30/11/2025 | J13: 0.18 | K13: Se cuenta con consolidado de ejercicios de participación ciudadana y de rendición de cuentas actualizado a junio de 2025 el cual presenta un porcentaje de ejecuciòn del 18% con 4 ejercicios realizados de 22 programados. Comentarios Recibidos 999 Comentarios Incidentes 744 para un Total incidencia 74% con 784 participantes. Ver Informe reporte consolidado ejercicios de participaciòn ciudadana y rendiciòn de cuentas | L13: 0.18 | M13: Se verificó la matriz de programación de los espacios de participación ciudadana y de rendición de cuentas, evidenciándose un nivel de cumplimiento del 18%. Este porcentaje obedece a que la mayoría de los ejercicios se encuentran programados para el tercer y cuarto trimestre de la vigencia, conforme a la planeación definida por las áreas gestoras del Ministerio del Deporte. En este contexto, se recomienda dar estricto cumplimiento a los cronogramas establecidos, con el fin de mitigar riesgos de incumplimiento, considerando la alta concentración de actividades en el segundo semestre. Asimismo, se hace un llamado a la acción dirigido a las dependencias responsables, para que garanticen la ejecución oportuna y eficaz de los ejercicios programados, asegurando además una participación ciudadana efectiva a través del análisis y aprovechamiento de los comentarios incidentes recibidos por parte de la ciudadanía. Los soportes se visualizan en el siguiente enlace: https://coldeportes.sharepoint.com/:f:/r/sites/oficinaasesoraplaneacion/Documentos%20compartidos/OAP/2.%20GIT%20Planeaci%C3%B3n%20y%20Gesti%C3%B3n/Vigencia%202025/16.%20Programa%20de%20Transparencia%20y%20%C3%89tica%20P%C3%BAblica_/Componente%203.%20Participaci%C3%B3n%20Ciudadana%20y%20Rendici%C3%B3n%20de%20Cuentas/4.1?csf=1&web=1&e=AdyEv4 | O13: 0 | Q13: 0
A14: Subcomponente 5 Responder a compromisos propuestos, evaluación y retroalimentación en los ejercicios de rendición de cuentas | B14: 5.1 | C14: Informar a la ciudadanía los avances de los ejercicios y compromisos adquiridos por la Entidad en los espacios de participación ciudadana y rendición de cuentas | D14: Publicación de los informes de los ejercicicios de participación y rendición de cuentas realizados de manera trimestral | E14: Servicio Integral al Ciudadano | F14: Dependencias involucradas | G14: Humano | H14: Número de publicaciones trimestrales | I14: 46006 | J14: 0.25 | K14: 25% Se publicaron en la página web los resultados de los ejercicios realizados durante el primer trimestre del año 2025. https://www.mindeporte.gov.co/atencion-servicio-ciudadania/participacion-ciudadana/resultados-ejercicios-participacion-ciudadana/2025 | L14: 0 | M14: Se verificó el enlace de acceso suministrado por la primera línea de defensa, y tras su consulta, no se evidenció en el portal web institucional la publicación del informe de seguimiento a los resultados de los ejercicios de participación adelantados durante la vigencia 2025. En este sentido, se recomienda a los responsables de la actividad realizar la actualización correspondiente del espacio en la página web, incorporando los soportes documentales requeridos, con el fin de dar cumplimiento a los principios de transparencia, publicidad de la información y rendición de cuentas. Se visualiza en el siguiente enlace: https://www.mindeporte.gov.co/atencion-servicio-ciudadania/participacion-ciudadana/resultados-ejercicios-participacion-ciudadana/2025 | N14: Pantallazo registrado el 16 de julio de 2025 al portal web de la entidad en el espacio de resultados de ejercicios de participación ciudadana 2025 - sesión informes de seguimiento: | O14: 0 | Q14: 0
B15: 5.2 | C15: Realizar la evaluación de las actividades suscritas en el Plan de Transparencia y Ética Pública -PTEP 2025 | D15: Un (1) informe de Auditoría Interna del PTEP 2025 | E15: Oficina de Control Interno | F15: Oficina Asesora de Planeación | G15: Equipo de Auditores de la OCI Equipos de Cómputo GESDOC Herramientas de trabajo colaborativo y en la nube | H15: Número de informes de Auditoría Interna PTEP 2025 | I15: 46006 | J15: 0 | K15: Se incluyó el trabajo en el Plan Anual de Auditoría Interna PAAI V.1 -2025, aprobado por el Comité Institucional de Coordinación de Control Interno, en sesión ordinaria del 30 de enero de 2025, para iniciar su desarrollo en septiembre de 2025. Se adjunta PAAI aprobado. | L15: 0 | M15: Se identificó que la actividad se ejecutara en el segundo semestre de la vigencia, el proceso aporta como soporte Plan Anual de Auditoria Interna aprobado en sesión del Comité Institucional de Coordinación de Control Interno (CICCI) de 30 de enero de 2025. Se visualiza en el siguiente enlace: https://coldeportes.sharepoint.com/:f:/r/sites/oficinaasesoraplaneacion/Documentos%20compartidos/OAP/2.%20GIT%20Planeaci%C3%B3n%20y%20Gesti%C3%B3n/Vigencia%202025/16.%20Programa%20de%20Transparencia%20y%20%C3%89tica%20P%C3%BAblica_/Componente%203.%20Participaci%C3%B3n%20Ciudadana%20y%20Rendici%C3%B3n%20de%20Cuentas/5.2?csf=1&web=1&e=RfOpjf | O15: 0 | Q15: 0
J16: =AVERAGE(J6:J15) -> 0.443 | L16: =AVERAGE(L6:L15) -> 0.40322 | O16: =AVERAGE(O6:O15) -> 0 | Q16: =AVERAGE(Q6:Q15) -> 0

Sheet Componente 4
A1: PROGRAMA TRANSPARENCIA Y ÉTICA PUBLICA
A4: Componente 4: Transparencia y acceso a la información | J4: Primer monitoreo - Primera Línea de Defensa | L4: Observaciones Segunda Línea de Defensa | O4: Segundo monitoreo - Primera Línea de Defensa | Q4: Observaciones Segunda Línea de Defensa | T4: Tercera Línea de Defensa
A5: Subcomponente | B5: No | C5: Acción | D5: Meta o producto | E5: Dependecia Responsable | F5: Dependencia de Apoyo | G5: Recursos | H5: Indicador | I5: Fecha de pogramación | J5: Avance cuantitativo | K5: Avance cualitativo | L5: Avance cuantitativo | M5: Avance cualitativo | N5: Observaciones | O5: Avance cuantitativo | P5: Avance cualitativo | Q5: Avance cuantitativo | R5: Avance cualitativo | S5: Observaciones | T5: Observaciones
A6: Subcomponente 1 Lineamientos de Transparencia Activa | B6: 1.1 | C6: Revisar los micrositios de transparencia y promover las actualizaciones necesarias para el cumplimiento de los criterios de accesibilidad de la resolución 1519 de 2020 | D6: Un reporte del Indice de Transparencia y Acceso a la información en el aplicativo dispuesto por la Procuraduría General de la Nación | E6: Servicio Integral al Ciudadano | F6: Dependencias involucradas que tengan información a cargo | G6: Humanos, Tecnológicos | H6: Número de reportes realizados | I6: 45991 | J6: 0 | K6: El reporte del ìndice de transparencia de acuerdo a lo estipulado por la Procuradurìa General de la Naciòn tiene plazo de realizaciòn del 1 al 29 de agoto de 2025. Ver: https://www.procuraduria.gov.co/Documents/2025/Julio/Directiva%20009%20-%20ITA.pdf Una vez se realice se podrá anotar el avance cuantitativo. Sin embargo se adjunta la matriz ITA con la cual se ha realizado seguimiento por los Grupos Internos de Trabajo de Comunicaciones y de Servicio Integral al Ciudadano respecto al cumplimiento de la obligación de publicar la información mínima en la sección de Transparencia y Acceso a la Información Pública, conforme a lo establecido en la Ley 1712 de 2014 | L6: 0 | M6: No obstante que la actividad se encuentra programada para su ejecución en el segundo semestre de la presente vigencia; el GIT Servicio Integral reporta avance con diligenciamiento de matriz de seguimiento al cumplimiento de la obligación de publicar la información mínima en la sección de Transparencia y Acceso a la Información Pública, y enfatiza que el reporte del indice de transparencia se realizará en los plazos definidos por la Procuraduria General de la Nación en la Direccitiva 009 de 3 de julio de 2025. Se visualiza en el siguiente enlace: https://coldeportes.sharepoint.com/:x:/r/sites/oficinaasesoraplaneacion/Documentos%20compartidos/OAP/2.%20GIT%20Planeaci%C3%B3n%20y%20Gesti%C3%B3n/Vigencia%202025/16.%20Programa%20de%20Transparencia%20y%20%C3%89tica%20P%C3%BAblica_/Componente%204.%20Transparencia%20y%20Acceso%20a%20la%20Informaci%C3%B3n/1.1/Matriz%20ITA%202025_Seguimiento%20diligenciamiento.xlsx?d=wae9b368493354e84968fb62510d35d29&csf=1&web=1&e=GVaGZL | O6: 0 | Q6: 0
B7: 1.2 | C7: Promover la importancia de la Transparencia y el acceso de la información a través de la cualificación a los enlaces de cada una de la dependencias. | D7: Dos (2) actividades de capacitación a los enlaces de las dependencias | E7: Servicio Integral al Ciudadano | F7: Dependencias involucradas que tengan información a cargo | G7: Humanos | H7: Número de actividades de capacitación realizadas | I7: 45976 | J7: 0.5 | K7: En el marco de las acciones de fortalecimiento institucional para promover la transparencia durante la vigencia 2025, el 6 de mayo se llevó a cabo la primera jornada de capacitación dirigida a los enlaces designados por las áreas, organizada de manera conjunta por el Grupo de Servicio Integral al Ciudadano, el Grupo de Comunicaciones y la Oficina Asesora de Planeación. El objetivo de esta sesión fue consolidar una cultura organizacional orientada a la integridad, la transparencia y el compromiso con la ciudadanía. Durante la jornada, se abordaron temas clave para la gestión pública: la Oficina Asesora de Planeación presentó el Programa de Transparencia y Ética Pública (PTEP); el Grupo de Servicio Integral al Ciudadano expuso sobre la Ley de Transparencia y su aplicación en el marco de la Política de Servicio al Ciudadano del Ministerio; y el Grupo de Comunicaciones brindó orientaciones prácticas sobre el proceso de actualización de la sede electrónica, con el fin de asegurar el acceso efectivo a la información pública y fomentar la mejora continua de los procesos institucionales. La participación de los enlaces fue clave para iniciar este ciclo de formación y acompañamiento, que busca fortalecer el cumplimiento normativo y promover buenas prácticas en la gestión de la información pública. | L7: 0.5 | M7: Redactar con lenguaje tecnico el siguiente parrafo: Se verificó la realización de la jornada de capacitación en la Ley de Transparencia 1712 de 2014, la cual fue desarrollada de manera articulada entre la Oficina Asesora de Planeación y los Grupos Internos de Trabajo de Servicio Integral al Ciudadano y Comunicaciones, con la participación de los enlaces designados. Se recomienda promover la replicación de los contenidos abordados por parte de los enlaces a los demás colaboradores de las distintas dependencias, a través de estrategias estructuradas de transferencia de conocimiento. Los soportes documentales correspondientes se encuentran debidamente cargados en la carpeta de SharePoint, se visualiza en el siguiente enlace: https://coldeportes.sharepoint.com/:f:/r/sites/oficinaasesoraplaneacion/Documentos%20compartidos/OAP/2.%20GIT%20Planeaci%C3%B3n%20y%20Gesti%C3%B3n/Vigencia%202025/16.%20Programa%20de%20Transparencia%20y%20%C3%89tica%20P%C3%BAblica_/Componente%204.%20Transparencia%20y%20Acceso%20a%20la%20Informaci%C3%B3n/1.2?csf=1&web=1&e=swJI2k | O7: 0 | Q7: 0
B8: 1.3 | C8: Medir la percepción de la calidad y usabilidad de la información | D8: Dos (2) informes de medición | E8: Servicio Integral al Ciudadano | F8: GIT Comunicaciones | G8: Humanos | H8: Número de informes de medición realizados | I8: 45976 | J8: 0.5 | K8: Se publicó informe de Transparencia y acceso a la información Semestre 1 2025 el cual contiene la medición frente a EFECTIVIDAD EN EL ACCESO A LA INFORMACIÓN PÚBLICA La evaluación de la efectividad en el acceso a la información pública tiene como objetivo, evaluar la percepción de la ciudadanía sobre la calidad de la información proporcionada a través de los distintos canales del Ministerio del Deporte Ver: https://www.mindeporte.gov.co/transparencia/9-obligacion-reporte-informacion-especifica-parte-entidad/9-2-informes-evaluacion-transparencia-acceso-informacion-publica/2025 Adicionalmente se compartieron los resultados de este informe con la web master para ser tenidos en cuenta. | L8: 0.5 | M8: Se evidenció la publicación del Informe de Transparencia y Acceso a la Información correspondiente al primer semestre de la vigencia 2025. Los resultados reflejan la ejecución de actividades relacionadas con la medición de la experiencia ciudadana desarrolladas durante el presente año. El informe presenta un análisis detallado de datos, cifras y estadísticas del ejercicio, identificando oportunidades de mejora, particularmente en el componente de accesibilidad, el cual representa el principal desafío. Se resalta que una proporción significativa de la ciudadanía desconoce o no logra identificar los recursos disponibles para garantizar el acceso a la información por parte de personas con discapacidad. El informe esta disponible en el siguiente enlace: https://www.mindeporte.gov.co/transparencia/9-obligacion-reporte-informacion-especifica-parte-entidad/9-2-informes-evaluacion-transparencia-acceso-informacion-publica/2025 | O8: 0 | Q8: 0
B9: 1.4 | C9: Socializar a los grupos de valor la actualidad juridica del Ministerio del Deporte | D9: Dos (2) boletines jurídicos publicados en la intranet y en la pagina web. | E9: Oficina Asesora Juridica | F9: GIT Comunicaciones | G9: Humanos, Tecnológicos | H9: Número de boletines juridicos publicados | I9: 15/07/2025 30/11/2025 | J9: 0 | K9: Actividad programada para ser reportada en el segundo semestre de la presente vigencia de acuerdo con la fecha de corte de la misma. La OAJ ha solicitado los insumos a todos los funcionarios y contratistas del equipo para realizar el borrador y posteriormente enviar al GIT Comunicaciones para la realizacion de la pieza y divulgacion de la misma. | L9: 0 | M9: La actividad se encuentra programada para su ejecución en el segundo semestre de la presente vigencia; sin embargo, a la fecha, el responsable designado no ha reportado avances, en términos cualitativos ni cuantitativos. | O9: 0 | Q9: 0
B10: 1.5 | C10: Socializar a la ciudadania por medio de piezas divulgativas las acciones prohibidas descritas en la ley 1445 de 2011. | D10: Dos (2) Piezas divulgadas | E10: Oficina Asesora Juridica | F10: GIT Comunicaciones | G10: Humanos, Tecnológicos | H10: Número de piezas divulgadas | I10: 15/04/2025 30/11/2025 | J10: 0.5 | K10: El 11 de abril de 2025, la OAJ solicitó la publicación en el banner de inicio de la página web oficial del Ministerio del Deporte, en esa misma fecha el GIT Comunicaciones realizó la publicación para conocimiento de la ciudadanía. Así mismo, el 11 de abril del 2025, fue publicado en la Intranet de la entidad. En las redes sociales de la entidad como Instagram y Facebook, se realizaron las publicaciones de las piezas el día 13 de abril del 2025. Lo anterior, se puede evidenciar en la carpeta de SharePoint dispuesta por la OAP para tal fin: https://coldeportes.sharepoint.com/sites/oficinaasesoraplaneacion/Documentos%20compartidos/Forms/AllItems.aspx?id=%2Fsites%2Foficinaasesoraplaneacion%2FDocumentos%20compartidos%2FOAP%2F2%2E%20GIT%20Planeaci%C3%B3n%20y%20Gesti%C3%B3n%2FVigencia%202025%2F16%2E%20Programa%20de%20Transparencia%20y%20%C3%89tica%20P%C3%BAblica%2FComponente%204%2E%20Transparencia%20y%20Acceso%20a%20la%20Informaci%C3%B3n%2F1%2E5&viewid=4730f7e4%2Df92c%2D4902%2D9b0e%2Da4b5eb0bd3fe&CT=1750953019140&OR=OWA%2DNT%2DMail&CID=665557e5%2D85ff%2D35c4%2D2e21%2D2b14ae9d98c7&e=5%3A9fbf7c3fcb054890bf8da96fd63b8bf7&sharingv2=true&fromShare=true&at=9&clickParams=eyJYLUFwcE5hbWUiOiJNaWNyb3NvZnQgT3V0bG9vayBXZWIgQXBwIiwiWC1BcHBWZXJzaW9uIjoiMjAyNTA2MjAwMTQuMDYiLCJPUyI6IldpbmRvd3MgMTEifQ%3D%3D&cidOR=Client&FolderCTID=0x0120004B49A12ADC1AFD47827202D5B0345C2D | L10: 0.5 | M10: Se verificó la existencia de una (1) pieza publicitaria que difunde las acciones prohibidas contempladas en la Ley 1445 de 2011, la cual se encuentra cargada en la carpeta correspondiente en SharePoint. No obstante, al realizar la revisión en el portal web institucional, se evidenció que dicha pieza gráfica no se encuentra visible, toda vez que la sección de banners del sitio tiene una capacidad limitada a cinco (5) elementos, los cuales se actualizan de manera periódica conforme a los temas priorizados por la entidad. Se visualiza en el siguiente enlace: Evidencia: https://coldeportes.sharepoint.com/:b:/r/sites/oficinaasesoraplaneacion/Documentos%20compartidos/OAP/2.%20GIT%20Planeaci%C3%B3n%20y%20Gesti%C3%B3n/Vigencia%202025/16.%20Programa%20de%20Transparencia%20y%20%C3%89tica%20P%C3%BAblica/Componente%204.%20Transparencia%20y%20Acceso%20a%20la%20Informaci%C3%B3n/1.5/Componente%204.%20Piezas%20graficas%20Ley%201445.pdf?csf=1&web=1&e=gUz2Oc | O10: 0 | Q10: 0
A11: Subcomponente 2 Lineamientos de Transparencia Pasiva | B11: 2.1 | C11: Implementar mejoras al sistema de gestión documental que contribuya a la adecuada gestión y seguimiento de peticiones, quejas, reclamos denuncias, trámites y OPAS | D11: Una (1) mejora implementada | E11: Servicio Integral al Ciudadano | F11: TICS | G11: Humanos, Tecnológicos | H11: Número de mejoras implementadas | I11: 45976 | J11: 0 | K11: Se reportará en el segundo semestre de 2025. Se han venido trabajando en mejoras a los reportes que emite GESDOC para facilitar el seguimiento. | L11: 0 | M11: No obstanteque se identificó que la actividad se ejecuratará en el segundo semestre de la vigencia, se evidencia la existencia de un acta de reunión entre los Grupos Internos de Trabajo de Servicio Integral al Ciudadano y Comunicaciones, en la cual se abordó la implementación de mejoras al Sistema de Gestión Documental, específicamente en lo relacionado con la gestión de las PQRSD y los reportes generados por dicho aplicativo para el seguimiento a los tiempos de respuesta. Se advierten acciones con fecha de cumplimiento al 28 de abril de 2025; no obstante, con los soportes documentales aportados por el GIT TICS, no es posible verificar el estado de avance o cumplimiento de dichas acciones. Se visualiza en el siguiente enlace: https://coldeportes.sharepoint.com/:f:/r/sites/oficinaasesoraplaneacion/Documentos%20compartidos/OAP/2.%20GIT%20Planeaci%C3%B3n%20y%20Gesti%C3%B3n/Vigencia%202025/16.%20Programa%20de%20Transparencia%20y%20%C3%89tica%20P%C3%BAblica_/Componente%204.%20Transparencia%20y%20Acceso%20a%20la%20Informaci%C3%B3n/2.1?csf=1&web=1&e=7kPQ8Y | O11: 0 | Q11: 0
B12: 2.2 | C12: Publicar la carta del trato digno | D12: Un (1) documento publicado en la sede electrónica | E12: Servicio Integral al Ciudadano | F12: GIT Comunicaciones | G12: Humanos | H12: Número de documentos publicados | I12: 45716 | J12: 0 | K12: Se realizó actualización de documento Carta de Trato Digno y se publicó en página web el 28 de febrero de 2025 Ver : https://www.mindeporte.gov.co/atencion-servicio-ciudadania/politica-institucional-servicio-al-ciudadano/carta-trato-digno-al-ciudadano | L12: 1 | M12: Se verificó la publicación de la versión actualizada de la Carta de Trato Digno en el sitio web institucional del Ministerio, con fecha del 28 de febrero de 2025, en concordancia con la programación establecida para la actividad y en cumplimiento de la normativa vigente aplicable. Se visualiza en el siguiente enlace: https://www.mindeporte.gov.co/atencion-servicio-ciudadania/politica-institucional-servicio-al-ciudadano/carta-trato-digno-al-ciudadano | O12: 0 | Q12: 0
A13: Subcomponente 3 Elaboración los Instrumentos de Gestión de la Información | B13: 3.1 | C13: Revisar, actualizar y divulgar el procedimiento interno de Transparencia y acceso a la información y sus documentos asociados con los lineamientos del PTEP | D13: Un procedimiento actualizado y divulgado | E13: Servicio Integral al Ciudadano | F13: Dependencias productoras de información GIT Comunicaciones GIT Tics GIT Gestión Administrativa / Gestión Documental | G13: Humanos | H13: Número de procedimientos actualizados | I13: 45991 | J13: 0 | K13: Se reportará en el segundo semestre de 2025 | L13: 0 | M13: Se identificó que la actividad se ejecutara en el segundo semestre de la vigencia, el proceso no muestra avance cualitativo ni cuantitativo. | O13: 0 | Q13: 0
B14: 3.2 | C14: Actualizar y publicar el registros o inventario de activos de información según los procedimientos, lineamientos, valoración y tiempos definidos en el Programa de Gestión Documental | D14: Una matriz de activos de información actualizada y publicada | E14: Gestión administrativa | F14: Todas las dependencias | G14: Humanos | H14: Número de matrices actualizadas y publicadas | I14: 45869 | J14: 1 | K14: Se realizo la actualización de los activos de información para la vigencia 2025; esta información se encuentra publicada en pagina web https://www.mindeporte.gov.co/mindeporte/inventario-activos-informacion | L14: 1 | M14: Se verificó la publicación en el portal web institucional del Inventario de Activos de Información y del Índice de Información Clasificada y Reservada correspondiente al año 2025. Se constató que ambos instrumentos de gestión de la información fueron integrados en un único archivo en formato Excel, con el propósito de facilitar su consulta por parte de la ciudadanía y los grupos de interés. Se visualiza en el siguiente enlace: https://www.mindeporte.gov.co/mindeporte/inventario-activos-informacion | O14: 0 | Q14: 0
B15: 3.3 | C15: Actualizar y publicar Indice de información clasificada y reservada del Ministerio del Deporte | D15: Una matriz de Indice de información clasificada y reservada actualizada y publicada | E15: Gestión administrativa | F15: Oficina Asesora Jurídica | G15: Humanos | H15: Número de matrices actualizadas y publicadas | I15: 45869 | J15: 1 | K15: Se realizo la actualización de los activos de información para la vigencia 2025; esta información se encuentra publicada en pagina web https://www.mindeporte.gov.co/transparencia/7-datos-abiertos/7-1-gestion-documental/esquema-publicacion | L15: 1 | M15: Se verificó la publicación en el portal web institucional del Inventario de Activos de Información y del Índice de Información Clasificada y Reservada correspondiente al año 2025. Se constató que ambos instrumentos de gestión de la información fueron integrados en un único archivo en formato Excel, con el propósito de facilitar su consulta por parte de la ciudadanía y los grupos de interés. Se visualiza en el siguiente enlace: https://www.mindeporte.gov.co/mindeporte/inventario-activos-informacion | O15: 0 | Q15: 0
B16: 3.4 | C16: Actualizar y publicar esquema de publicación de información del Ministerio del Deporte | D16: Una matriz de Esquema de publicación de información actualizada y publicada | E16: Servicio Integral al Ciudadano | F16: Comunicaciones y dependencias productoras de información | G16: Humanos | H16: Número de matrices actualizadas y publicadas | I16: 45838 | J16: 1 | K16: Se realizó actualización del Esquema de publicación y se publicó en página web Ver : https://www.mindeporte.gov.co/transparencia/7-datos-abiertos/7-1-gestion-documental/esquema-publicacion&ne&inf=0 | L16: 1 | M16: Se verificó la publicación de la versión actualizada del Esquema de Publicación de Información en el sitio web institucional del Ministerio, con fecha del 27 de junio de 2025, en concordancia con la programación establecida para la actividad y en cumplimiento de la normativa vigente en materia de transparencia y acceso a la información pública. No obstante, se identificó una inconsistencia entre la fecha de publicación registrada en la matriz y la que figura en el portal web institucional. En tal sentido, se recomienda realizar la revisión y ajuste correspondiente de la matriz, a fin de garantizar la coherencia y trazabilidad de la información reportada. Se visualiza en el siguiente enlace: https://www.mindeporte.gov.co/transparencia/7-datos-abiertos/7-1-gestion-documental/esquema-publicacion&ne&inf=0 | O16: 0 | Q16: 0
A17: Subcomponente 4. Criterio diferencial de accesibilidad. | B17: 4.1 | C17: Formular, ejecutar y evaluar dentro del Plan Integral de Capacitación una oferta educativa para los funcionarios en lenguaje claro. | D17: Hacer seguimiento al cumplimiento de las las 3 acciones "Formular, ejecutar y evalua", establecidas dentro del PIC | E17: GIT Talento Humano | F17: Todos los Procesos | G17: Humanos y Tecnologicos | H17: # de acciones ejecutadas x 100 total acciones programadas | I17: 45991 | J17: 0.33 | K17: Dentro de la formulación del Plan Institucional de Capacitación 2025 para el Ministerio de Deporte, se tuvo en cuenta el establecimiento de los ejes denominados: Eje mujeres, inclusión y diversidad: se establecen actividades de formación encaminadas a promover la equidad, la inclusión y el respeto a la diversidad, lo cual incluye el uso de un lenguaje claro y accesible para todos. Eje de habilidades y competencias: estas dos áreas buscan mejorar la comunicación y la comprensión de los funcionarios vinculados en el Ministerio del Deporte en la atención a usuarios, fortaleciendo las competencias y habilidades de estos. Para la ejecución de estas capacitaciones se gestiona desde el GIT Talento Humano con terceras organizaciones y entidades aliadas el desarrollo de programas que permitan fortalecer estas habilidades y competencias de los funcionarios. | L17: 0.1 | M17: Se verificó la formulación del Plan Institucional de Capacitación (PIC) correspondiente a la vigencia 2025. Conforme al cronograma establecido, se proyecta la ejecución de actividades formativas en los ejes temáticos de mujeres, inclusión y diversidad durante los meses de junio y julio, y en el eje de habilidades y competencias durante el mes de noviembre. No obstante, con base en las evidencias documentales revisadas, no se identifica de manera específica la inclusión de procesos de capacitación dirigidos al fortalecimiento de competencias en lenguaje claro para los servidores públicos del Ministerio del Deporte. Nota: Se recomienda estructurar la programación de la oferta de capacitación para cada uno de los ejes temáticos, incluyendo de manera explícita actividades orientadas al fortalecimiento de competencias en lenguaje claro. Asimismo, se sugiere que la ejecución de dichas capacitaciones sea distribuida de manera equilibrada a lo largo del año, evitando su concentración en el último mes de la vigencia, con el propósito de facilitar una mayor participación de los servidores públicos y prevenir interferencias con las actividades asociadas al cierre de gestión institucional. Los soportes se visualizan en el siguiente enlace: https://coldeportes.sharepoint.com/:f:/r/sites/oficinaasesoraplaneacion/Documentos%20compartidos/OAP/2.%20GIT%20Planeaci%C3%B3n%20y%20Gesti%C3%B3n/Vigencia%202025/16.%20Programa%20de%20Transparencia%20y%20%C3%89tica%20P%C3%BAblica/Componente%204.%20Transparencia%20y%20Acceso%20a%20la%20Informaci%C3%B3n/4.1?csf=1&web=1&e=MDeIhe | O17: 0 | Q17: 0
B18: 4.2 | C18: Formular, ejecutar y evaluar dentro del Plan Integral de Capacitación una oferta educativa para los funcionarios en Lengua de Señas Colombiana, con el propósito de desarrollar destrezas y habilidades para contribuir a una atención inclusiva. | D18: Hacer seguimiento al cumplimiento de las las 3 acciones "Formular, ejecutar y evalua", establecidas dentro del PIC | E18: GIT Talento Humano | F18: Todos los Procesos | G18: Humanos y Tecnologicos | H18: # de acciones ejecutadas x 100 total acciones programadas | I18: 45991 | J18: 0.33 | K18: Dentro de la formulación del Plan Institucional de Capacitación 2025 para el Ministerio de Deporte, se tuvo en cuenta el establecimiento de los ejes denominados: Eje mujeres, inclusión y diversidad: se establecen actividades de formación encaminadas a promover la equidad, la inclusión y el respeto a la diversidad, lo cual incluye el uso de un lenguaje claro y accesible para todos. Eje de habilidades y competencias: estas dos áreas buscan mejorar la comunicación y la comprensión de los funcionarios vinculados en el Ministerio del Deporte en la atención a usuarios, fortaleciendo las competencias y habilidades de estos. Para la ejecución de estas capacitaciones se gestiona desde el GIT Talento Humano con terceras organizaciones y entidades aliadas el desarrollo de programas que permitan fortalecer estas habilidades y competencias de los funcionarios. | L18: 0.33 | M18: Se verificó la formulación del Plan Institucional de Capacitación (PIC) para la vigencia 2025, así como la gestión realizada por el Grupo Interno de Trabajo de Talento Humano, mediante comunicación enviada por correo electrónico al Instituto Nacional para Sordos (INSOR), en la cual se solicitó la inclusión de una capacitación en lenguaje de señas. En respuesta, dicha entidad ofreció el taller presencial titulado "Conociendo la cultura sorda", con una duración de tres (3) horas, programado para el mes de noviembre de la presente vigencia. No obstante, si bien se cuenta con la programación de esta actividad, la cercanía temporal con el cierre del año limita el margen disponible para desarrollar adecuadamente las fases de ejecución y evaluación de la capacitación. En este sentido, se sugiere ajustar la programación con el fin de garantizar el cumplimiento efectivo de todas las etapas del proceso formativo. Los soportes de la actividad se visualizan en el siguiente enlace: https://coldeportes.sharepoint.com/:f:/r/sites/oficinaasesoraplaneacion/Documentos%20compartidos/OAP/2.%20GIT%20Planeaci%C3%B3n%20y%20Gesti%C3%B3n/Vigencia%202025/16.%20Programa%20de%20Transparencia%20y%20%C3%89tica%20P%C3%BAblica/Componente%204.%20Transparencia%20y%20Acceso%20a%20la%20Informaci%C3%B3n/4.2?csf=1&web=1&e=hnvYpc | O18: 0 | Q18: 0
B19: 4.3 | C19: Promoveer la participación de los funcionarios y contratistas, en la capacitación virtual " Discapacidad e inclusión laboral - Pacto productividad" establecida por la Función Pública | D19: 3 Piezas comunicativas difundidas de promoción del curso virtual | E19: GIT Talento Humano | F19: Todos los Procesos | G19: Humanos y Tecnologicos | H19: # de piezas comunicativas realizadas y difundidas x 100 total de piezas comunicativas difundidas programadas | I19: 31/04/2025 31/08/2025 31/12/2025 | J19: 0.33 | K19: Desde la oficina del GIT Talento Humano se proyectó y remitió la circular 009 del 15 de mayo de 2025, que tienen por asunto Desarrollo de cursos de formación virtual – Plan Institucional de Capacitación. | L19: 0.3 | M19: Se verificó la Circular Interna No. 009 del 15 de mayo de 2025, mediante la cual se establecen los lineamientos para el desarrollo de cursos de formación virtual, expedida por la Secretaría General del Ministerio del Deporte. En dicho acto administrativo se promueve la participación en el curso virtual “Discapacidad e Inclusión Laboral – Pacto Productividad”, ofertado por el Departamento Administrativo de la Función Pública (DAFP). Sin embargo, no se evidencian piezas gráficas o materiales de divulgación que respalden la socialización de esta circular entre los servidores públicos y colaboradores de la entidad. En consecuencia, se sugiere diseñar y difundir piezas gráficas durante el segundo semestre de la vigencia, con el fin de fortalecer la difusión y promover una mayor participación en la oferta formativa. Los soportes se visualizan en el siguiente enlace: https://coldeportes.sharepoint.com/:f:/r/sites/oficinaasesoraplaneacion/Documentos%20compartidos/OAP/2.%20GIT%20Planeaci%C3%B3n%20y%20Gesti%C3%B3n/Vigencia%202025/16.%20Programa%20de%20Transparencia%20y%20%C3%89tica%20P%C3%BAblica/Componente%204.%20Transparencia%20y%20Acceso%20a%20la%20Informaci%C3%B3n/4.3?csf=1&web=1&e=iIconZ | O19: 0 | Q19: 0
A20: Subcomponente 5 Monitoreo del Acceso a la Información Pública | B20: 5.1 | C20: Realizar la evaluación de los componentes de la matriz ITA -PTEP 2025 | D20: Un (1) informe de Seguimiento ITA | E20: Oficina de Control Interno | F20: GIT Comunicaciones GIT TICs | G20: Equipo de Auditores de la OCI Equipos de Cómputo GESDOC Herramientas de trabajo colaborativo y en la nube | H20: Número de informes de Seguimiento ITA | I20: 46006 | J20: =(1/1) -> 1 | K20: Se realizó y publicó el informe: " Seguimiento Ley de Transparencia y de Acceso a la Información Pública" con GESDOC No. 2025IE0006094 Publicación web: https://www.mindeporte.gov.co/recursos_user/2025/CONTROL_INTERNO/julio/Informe_seguimiento_Ley_de_Transparencia_septiembre_2024_a_mayo_2025.pdf | L20: 1 | M20: Se verificó la publicación del informe correspondiente a la Ley de Transparencia y del Derecho de Acceso a la Información Pública, con fecha del 4 de julio de 2025, emitido por la Oficina de Control Interno . Dentro de los resultados presentados, no se identifican acciones de mejora orientadas al fortalecimiento de los procesos institucionales frente al cumplimiento de la normativa aplicable, en relación con el seguimiento al Índice de Transparencia y Acceso a la Información (ITA). No obstante, se resalta que los resultados de cumplimiento serán reflejados en el aplicativo dispuesto por la Procuraduría General de la Nación, una vez se realice el cargue de la matriz en los plazos establecidos en la Directiva 009 del 3 de julio de 2025. Los soportes se visualizan en el siguiente enlace: https://www.mindeporte.gov.co/control-rendicion-cuentas/sistema-control-interno/ley-1712-2014-transparencia-acceso-informacion-publica | O20: 0 | Q20: 0
B21: 5.2 | C21: Realizar seguimiento y monitoreo a la información mínima que se debe publicar en la sección de transparencia y acceso a la información pública de acuerdo a lo definido en la ley 1712 de 2014 y sus decretos reglamentarios | D21: Veinte (20) reuniones de seguimiento | E21: Comunicaciones | F21: Servicio Integral al Ciudadano | G21: Humanos | H21: (Número de sesiones de seguimiento realizadas / Número de sesiones de seguimiento programadas)*100 | I21: 30/06/2025 30/11/2025 | J21: 1 | K21: Se realizó el seguimiento y monitoreo a la información mínima que debe estar publicada en la sección de transparencia. Se llevaron a cabo 20 reuniones de seguimiento. https://coldeportes.sharepoint.com/:f:/s/oficinaasesoraplaneacion/EvOq4sz9Oy9EhFjRg_NVxS4BT5y8AyuCVL4VDvxI7D6cBg?e=Ex007B | L21: 0.5 | M21: Se evidenció el seguimiento efectuado por los Grupos Internos de Trabajo de Comunicaciones y de Servicio Integral al Ciudadano respecto al cumplimiento de la obligación de publicar la información mínima en la sección de Transparencia y Acceso a la Información Pública, conforme a lo establecido en la Ley 1712 de 2014. Dicha verificación se encuentra respaldada en el informe de cumplimiento, en el cual se relacionan un total de veinte (20) mesas de trabajo realizadas con las distintas dependencias del Ministerio del Deporte, discriminadas de la siguiente manera: Contratación, Jurídica, Planeación (2), Comunicaciones, Control Interno, Servicio Integral al Ciudadano (4), Talento Humano, Tecnologías de la Información y las Comunicaciones (TIC), Recursos y Herramientas, Fomento, Gestión Administrativa y Documental, Inspección, Vigilancia y Control (IVC), Organización Nacional Antidopaje (ONAD), Secretaría General, Contabilidad y Presupuesto. Se sugiere completar el proceso de suscripción de las actas que actualmente cuentan con firmas parciales por parte de los asistentes, con el propósito de formalizar las decisiones adoptadas y los temas tratados durante las sesiones, en cumplimiento de los principios de legalidad, trazabilidad y veracidad documental. Se visualiza en el siguiente enlace: https://coldeportes.sharepoint.com/:f:/r/sites/oficinaasesoraplaneacion/Documentos%20compartidos/OAP/2.%20GIT%20Planeaci%C3%B3n%20y%20Gesti%C3%B3n/Vigencia%202025/16.%20Programa%20de%20Transparencia%20y%20%C3%89tica%20P%C3%BAblica/Componente%204.%20Transparencia%20y%20Acceso%20a%20la%20Informaci%C3%B3n/5.2?csf=1&web=1&e=cfj0S9 | O21: 0 | Q21: 0
J22: =AVERAGE(J6:J21) -> 0.468125 | L22: =AVERAGE(L6:L21) -> 0.483125 | O22: =AVERAGE(O6:O21) -> 0 | Q22: =AVERAGE(Q6:Q21) -> 0

Sheet Componente 5
A1: PROGRAMA TRANSPARENCIA Y ÉTICA PUBLICA
A4: Componente 5. Estado Abierto | J4: Primer monitoreo - Primera Línea de Defensa | L4: Observaciones Segunda Línea de Defensa | O4: Segundo monitoreo - Primera Línea de Defensa | Q4: Observaciones Segunda Línea de Defensa | T4: Tercera Línea de Defensa
A5: Subcomponente | B5: No | C5: Acción | D5: Meta o producto | E5: Dependecia Responsable | F5: Dependencia de Apoyo | G5: Recursos | H5: Indicador | I5: Fecha de pogramación | J5: Avance cuantitativo | K5: Avance cualitativo | L5: Avance cuantitativo | M5: Avance cualitativo | N5: Observaciones | O5: Avance cuantitativo | P5: Avance cualitativo | Q5: Avance cuantitativo | R5: Avance cualitativo | S5: Observaciones | T5: Observaciones
A6: 1. Apertura de datos para los ciudadanos y grupos de interés | B6: 1.1 | C6: Realizar un diagnóstico para identificar y priorizar los conjuntos de datos relevantes para los ciudadanos y grupos de interés. | D6: Informe del diagnóstico y listado de conjuntos de datos priorizados | E6: GIT TICs | F6: Direcciones Misionales del Ministerio. | G6: Humano | H6: Numero de conjunto de datos identificado/ Numero de conjuntos de datos priorizados *100 | I6: 45899 | J6: 0 | L6: 0 | M6: A la fecha, no se reporta avance por parte de la primera línea de defensa.Se resalta que la actividad tiene como fecha de programación el 30 de agosto de 2025. | O6: 0 | Q6: 0
B7: 1.2 | C7: Limpiar y normalizar los conjuntos de datos priorizados para garantizar su calidad y precisión. | D7: informe de Datos limpios y normalizados | E7: GIT TICs | F7: GIT TICs | G7: Humano | H7: Conjuntos de datos limpios y normalizados / Conjuntos de datos priorizados *100 | I7: 31/09/2025 | J7: 0 | L7: 0 | M7: A la fecha, no se reporta avance por parte de la primera línea de defensa.Se resalta que la actividad tiene como fecha de programación el 31 de septiembre de 2025. | O7: 0 | Q7: 0
B8: 1.3 | C8: Clasificar y etiquetar los datos para facilitar su búsqueda y uso. | D8: Informe de los datos clasificados y etiquetados | E8: GIT TICs | F8: GIT TICs | G8: Humano | H8: Numero de conjuntos de datos clasificados y etiquetados / Numero Total de conjuntos de datos identificados * 100 | I8: 45960 | J8: 0 | L8: 0 | M8: A la fecha, no se reporta avance por parte de la primera línea de defensa.Se resalta que la actividad tiene como fecha de programación el 31 de octubre de 2025. | O8: 0 | Q8: 0
B9: 1.4 | C9: Desarrollar metadatos para proporcionar contexto y facilitar la comprensión de los datos | D9: informe de los metadatos desarrollados | E9: GIT TICs | F9: GIT TICs | G9: Humano | H9: Numero de conjuntos de datos con metadatos desarrollados / Numero total de conjuntos de datos identificado * 100 ​ | I9: 31/11/2025 | J9: 0 | L9: 0 | M9: A la fecha, no se reporta avance por parte de la primera línea de defensa.Se resalta que la actividad tiene como fecha de programación el 31 de noviembre de 2025. | O9: 0 | Q9: 0
B10: 1.5 | C10: Evaluar la seguridad y privacidad de los datos para evitar la divulgación de información sensible | D10: Informe con la evaluación de seguridad completada | E10: GIT TICs | F10: GIT TICs | G10: Humano | H10: Numero de no conformidades resueltas /Numero total de no conformiddes detectadas * 100 | I10: 46021 | J10: 0 | L10: 0 | M10: A la fecha, no se reporta avance por parte de la primera línea de defensa.Se resalta que la actividad tiene como fecha de programación el 30 de diciembre de 2025. | O10: 0 | Q10: 0
B11: 1.6 | C11: Presentar los conjuntos de datos priorizados para su aprobacion al comité institucional de gestion y desempeño | D11: Informe preliminar con el conjunto de datos aprobado. | E11: GIT TICs | F11: GIT TICs comité institucional de gestion y desempeño | G11: Humano | H11: Numero de conjuntos de datos presentados al comité / Numero de conjuntos de datos aprobados por el comité * 100 | I11: 46022 | J11: 0 | L11: 0 | M11: A la fecha, no se reporta avance por parte de la primera línea de defensa.Se resalta que la actividad tiene como fecha de programación el 31 de diciembre de 2025. | O11: 0 | Q11: 0
A12: 2. Entrega de información en lenguaje sencillo que de cuenta de la gestión institucional | B12: 2.1 | C12: Elaborar una campaña para el fortecimiento del lenguaje incluyente con enfoque diferencial | D12: Una campaña elaborada y divulgada | E12: GIT Comunicaciones | F12: GIT Servicio Integral al Ciudadano | G12: Humano | H12: porcentaje de implementacion | I12: 46172 | J12: 1 | K12: Se elaboró y divulgó una campaña para el fortalecimiento del lenguaje incluyente, con enfoque diferencial. Se donominó. El Lenguaje Sí Importa. https://coldeportes.sharepoint.com/:f:/s/oficinaasesoraplaneacion/EprXlAm-iRNNiGA6vqPC6CYB-y3zKfDNyxpwFPs-yqRAGA?e=2cwhwy https://coldeportes.sharepoint.com/:f:/s/oficinaasesoraplaneacion/EprXlAm-iRNNiGA6vqPC6CYB-y3zKfDNyxpwFPs-yqRAGA?e=1Ia1lA | L12: 1 | M12: Para la actividad “Elaborar una campaña para el fortalecimiento del lenguaje incluyente con enfoque diferencial”, se adjunta como soporte un archivo en formato PDF que documenta las acciones implementadas en desarrollo de la campaña. | O12: 0 | Q12: 0
A13: 3. Apertura de la información presupuestal institucional y de resultados | B13: 3.1 | C13: Revision de la estandarizacion de la estrucutura donde se esta reportando la informacion para datos abiertos. | D13: informe de la revision realizada a la estructura de los reportes de los datos | E13: GIT TICs - GIT Gestion Presupuestal | F13: GIT Gestion Presupuestal | G13: Humano | H13: Numero total de datos identificado / Numero total de datos identificado para apertura * 100 | I13: 45777 | J13: 1 | K13: Se elaboró el informe de la revision realizada a la estructura de los reportes de los datos abiertos. | L13: 1 | M13: Para la actividad “Revision de la estandarizacion de la estrucutura donde se esta reportando la informacion para datos abiertos”, se adjunta como soporte un archivo en formato PDF denominado Informe de los datos identificado a aperturar. | O13: 0 | Q13: 0
B14: 3.2 | C14: Verificar si se deben aperturar en datos.gov.co | D14: Informe del los datos identificado a aperturar | E14: GIT TICs - GIT Gestion Presupuestal | F14: GIT Gestion Presupuestal | G14: Humano | H14: Numero de datos a aperturar / Numero de datos aperturados * 100 | I14: 45807 | J14: 1 | K14: Se elaboró el informe de los datos identificado a aperturar en datos.gov.co | L14: 1 | M14: Para la actividad “Verificar si se deben aperturar en datos.gov.co”, se adjunta como soporte un archivo en formato PDF denominado Informe de los datos identificado a aperturar. | O14: 0 | Q14: 0
B15: 3.3 | C15: Presentacion de los datos revisado para su publicacion | D15: Informe de los datos revisado para su publicacion | E15: GIT TICs - GIT Gestion Presupuestal | F15: GIT Presupuesto - comité de desempeño. | G15: Humano | H15: Numero de total de informes total programado en la vigencia / Numero total de informes publicados *100 | I15: 45807 | J15: 1 | K15: Se elaboró el Informe de la Presentacion de los datos revisado para su publicacion. | L15: 1 | M15: Para la actividad “Presentacion de los datos revisado para su publicacion”, se adjunta como soporte un archivo en formato PDF denominado Informe de los Datos Revisados para su Publicación | O15: 0 | Q15: 0
A16: 4. Estandarización de datos abiertos para intercambio de información | B16: 4.1 | C16: Identificar y seleccionar los estándares nacionales e internacionales más adecuados para la estandarización de datos abiertos | D16: Listado de estándares seleccionados | E16: GIT TICs | F16: Oficina Asesora Juridica. | G16: Humano | H16: Numero de datos abiertos identificados / Total de datos estandarizados | I16: 31/09/2025 | J16: 0 | L16: 0 | M16: A la fecha, no se reporta avance por parte de la primera línea de defensa.Se resalta que la actividad tiene como fecha de programación el 31 de septiembre de 2025. | O16: 0 | Q16: 0
B17: 4.2 | C17: Desarrollar una guía de estandarización de datos abiertos que incluya las mejores prácticas y procedimientos | D17: Guía de estandarización desarrollada | E17: GIT TICs | F17: GIT TICs | G17: Humano | H17: Nuemro de Guía desarrollada / Numero de Guia Publicada * 100 | I17: 31/09/2025 | J17: 0 | L17: 0 | M17: A la fecha, no se reporta avance por parte de la primera línea de defensa.Se resalta que la actividad tiene como fecha de programación el 31 de septiembre de 2025. | O17: 0 | Q17: 0
B18: 4.3 | C18: Capacitar al personal de la organización en la guía de estandarización y en el uso de los estándares seleccionados | D18: programar y ejecutar una capacitacion de la guia diseñada para la estandarizacion de los datos abiertos | E18: GIT TICs | F18: GIT TICs | G18: Humano | H18: Numero total de capaciones programada / No total de capacitaciones ejecutadas * 100 | I18: 45961 | J18: 0 | L18: 0 | M18: A la fecha, no se reporta avance por parte de la primera línea de defensa.Se resalta que la actividad tiene como fecha de programación el 31 de octubre de 2025. | O18: 0 | Q18: 0
B19: 4.4 | C19: Implementar los estándares de datos abiertos en los procesos de recopilación, almacenamiento y publicación de datos | D19: informe del procesos estandarizados implementados | E19: GIT TICs | F19: GIT TICs | G19: Humano | H19: No total de estandares para datos abierto implementados / Numero total de estandares para datos abierto idententificados * 100 | I19: 46021 | J19: 0 | L19: 0 | M19: A la fecha, no se reporta avance por parte de la primera línea de defensa.Se resalta que la actividad tiene como fecha de programación el 30 de diciembre de 2025. | O19: 0 | Q19: 0
J20: =AVERAGE(J6:J19) -> 0.28571429 | L20: =AVERAGE(L6:L19) -> 0.28571429 | O20: =AVERAGE(O6:O19) -> 0 | Q20: =AVERAGE(Q6:Q19) -> 0

Sheet Componente 6
A1: PROGRAMA TRANSPARENCIA Y ÉTICA PUBLICA
A4: Componente 6: Legalidad e Integridad y conflicto de interés | J4: Primer monitoreo - Primera Línea de Defensa | L4: Observaciones Segunda Línea de Defensa | O4: Segundo monitoreo - Primera Línea de Defensa | Q4: Observaciones Segunda Línea de Defensa | T4: Tercera Línea de Defensa
A5: Subcomponente | B5: No | C5: Acción | D5: Meta o producto | E5: Dependecia Responsable | F5: Dependencia de Apoyo | G5: Recursos | H5: Indicador | I5: Fecha de pogramación | J5: Avance cuantitativo | K5: Avance cualitativo | L5: Avance cuantitativo | M5: Avance cualitativo | N5: Observaciones | O5: Avance cuantitativo | P5: Avance cualitativo | Q5: Avance cuantitativo | R5: Avance cualitativo | S5: Observaciones | T5: Observaciones
A6: Subcomponente 1 Programas de gestión de integridad | B6: 1.1 | C6: Estabecer un Plan de Trabajo encaminado al cumplimiento de la Política y el Codigo de Integridad. | D6: Un Plan de Trabajo de la implementación de la Política de Integridad ejecutado al 80% | E6: GIT Talento Humano | F6: Todos los procesos | G6: Humanos y Tecnologicos | H6: # de actividades ejecutadas del Plan x100 # de actividades programadas del Plan | I6: 45641 | J6: 0.46 | K6: Desde el GIT Talento Humano se elaboró un Plan de Acción para llevar a cabo la ejecución de actividades que fortalecerán la implementación de la Política de Integridad en la Entidad. Al cierre del primer semestre se lleva un avance de ejecución del 46%. | L6: 0.15 | M6: Para la actividad “Establecer un plan de trabajo encaminado al cumplimiento de la Política y el Código de Integridad”, se presenta como soporte un archivo en Excel titulado “Cronograma de actividades”, en el cual se detallan 26 actividades programadas. Según lo reportado, al corte del 30 de junio se han ejecutado 4 de ellas. | O6: 0 | Q6: 0
A7: Subcomponente 2 Promoción de la integridad en las institucionas y grupos de interés | B7: 2.1 | C7: Realizar sensibilizaciones que permitan la apropiación de los valores del codigo de integridad en funcionarios y contratistas, por medio de pautas o comunicaciones internas. | D7: 3 sensibilizaciones realizadas en el año frente a los valores del código de integridad | E7: GIT Talento Humano | F7: Todos los procesos | G7: Humanos, Tecnologicos y economicos | H7: # de sensibilizaciones realizadas x 100 total de sensibilizaciones programadas | I7: 31/04/2025 31/08/2025 31/12/2025 | J7: 0.33 | K7: Se lleva a cabo desde el GIT Talento Humano con el apoyo de la Oficina de Comunicaciones la elaboración y publicación de una Pieza Comunicativa promoviendo el cumplimiento de los valores de la Empatía y Solidaridad adoptados en el Código de Integridad. | L7: 0.33 | M7: Para la actividad “Realizar sensibilizaciones que permitan la apropiación de los valores del Código de Integridad en los funcionarios y contratistas, por medio de pautas o comunicaciones internas”, se presentan como soporte dos archivos en formato PDF que contienen piezas comunicativas alusivas a los valores de Empatía y Solidaridad. | O7: 0 | Q7: 0
A8: Subcomponente 3 Participación en las estrategias de integridad | B8: 3.1 | C8: Promoveer la participación de los funcionarios y contratistas, en la capacitación virtual " Integridad, Transparencia y Lucha contra la Corrupción" establecida por la Función Pública | D8: 3 Piezas comunicativas difundidas de promoción del curso virtual | E8: GIT Talento Humano | F8: Todos los procesos | G8: Humanos y Tecnologicos | H8: # de piezas comunicativas realizadas y difundidas x 100 total de piezas comunicativas difundidas programadas | I8: 31/04/2025 31/08/2025 31/12/2025 | J8: 0.33 | K8: Desde la oficina del GIT Talento Humano se proyectó y remitió la circular 009 del 15 de mayo de 2025, que tienen por asunto Desarrollo de cursos de formación virtual – Plan Institucional de Capacitación, en este se promueve realizar el curso de Transparencia y Lucha contra la corrupción. | L8: 0.33 | M8: Para la actividad “Promover la participación de los funcionarios y contratistas en la capacitación virtual ‘Integridad, Transparencia y Lucha contra la Corrupción’, establecida por la Función Pública”, se presentan como soporte dos archivos en formato PDF que contienen la Circular Interna No. 009 del 15 de mayo de 2025, cuyo asunto es “Desarrollo de cursos de formación virtual – Plan Institucional de Capacitación”. | O8: 0 | Q8: 0
A9: Subcomponente 4. Gestión preventiva de conflictos de interés | B9: 4.1 | C9: Formular, aprobar y socializar la Política de Integridad en la Entidad | D9: Política de Integridad con las 3 acciones ejecutadas "formulada, aprobada y socializada" | E9: GIT Talento Humano | F9: Oficina Asesora de Planeación | G9: Humanos y Tecnologicos | H9: # de acciones ejecutadas x 100 total acciones programadas | I9: 45838 | J9: 0.33 | K9: Desde la oficina del GIT Talento Humano se proyectó el borrador de la Política de Integridad, esta fue enviada por la Coordinador de GIT TH a la Comisión de Personal para retroalimentar con sus aportes, está pendiente la aprobación y publicación de esta. | L9: 0 | M9: Para la actividad “Formular, aprobar y socializar la Política de Integridad en la Entidad”, se presenta como soporte un archivo en formato PDF que contiene la trazabilidad del correo enviado a la Comisión de Personal, ASMINDEP y al GIT Servicio Integral al Ciudadano, mediante el cual se solicita la revisión del documento. Adicionalmente, se adjunta el archivo en formato Word titulado “Política de Integridad”. Cabe resaltar que esta actividad tenía como fecha de programación el 30 de junio de 2025, plazo en el cual la política debía estar formulada, aprobada y socializada. No obstante, a la fecha, el documento continúa en etapa de revisión y no ha culminado los pasos de aprobación y socialización establecidos. | O9: 0 | Q9: 0
B10: 4.2 | C10: Realizar seguimiento continuo a la publicación de los conflictos de interes de los funcionarios públicos en la plataforma SIGEP. | D10: Presentar 3 informes de seguimiento del registro de los Conflictos de Interes de los funcionarios, al Coordinador del GIT de talento Humano | E10: GIT Talento Humano | F10: Todos los procesos | G10: Humanos y Tecnologicos | H10: # de informes presentados x 100 total informes programados | I10: 31/04/2025 31/08/2025 31/12/2025 | J10: 1 | K10: Se deberá hacer un ajuste a la actividad ya que los conflictos de interés no son los que se publican en la plataforma SIGEP, por el contrario los funcionarios deben publicar cada año la Declaración de Bienes y Rentas y para dar cumplimiento a este requisito se sacó una pieza comunicativa indicando el plazo para el reporte de este requisito. | L10: 0 | M10: Para la actividad “Realizar seguimiento continuo a la publicación de los conflictos de interés de los funcionarios públicos en la plataforma SIGEP”, se presenta como soporte un archivo en formato PDF que contiene una pieza comunicativa titulada “Declaración de Bienes y Rentas”. Sin embargo, no se evidencia soporte documental que demuestre la elaboración del informe de seguimiento sobre el registro de conflictos de interés por parte de los funcionarios, dirigido al Coordinador del GIT Talento Humano, tal como se establece en la meta de la actividad. Cabe señalar que el primer informe debía realizarse con corte al 31 de abril, y dicho soporte no se encuentra adjunto. | O10: 0 | Q10: 0
A11: Subcomponente 5 Gestión prácticas antisoborno, antifraude | B11: 5.1 | C11: Realizar campañas de practicas antisoborno y antifraude, "Tolerancia Cero a la Corrupción" dirigidas al personal mediante piezas comunicativas internas, entre otros. | D11: 3 sensibilizaciones realizadas en el año frente a la "Tolerancia Cero a la Corrupción" | E11: GIT Talento Humano | F11: Todos los procesos | G11: Humanos, Tecnologicos y economicos | H11: # de sensibilizaciones realizadas. X 100 Total de sensibilizaciones programadas | I11: 31/04/2025 31/08/2025 31/12/2025 | J11: 0.33 | K11: Se lleva a cabo desde el GIT Talento Humano con el apoyo de la Oficina de Comunicaciones la elaboración y publicación de una Pieza Comunicativa promoviendo la campaña Tolerancia cero a la Corrupción | L11: 0.33 | M11: Para la actividad “Realizar campañas de prácticas antisoborno y antifraude, Tolerancia cero a la corrupción dirigidas al personal mediante piezas comunicativas internas, entre otros”, se presenta como soporte un archivo en formato PDF titulado “Tolerancia cero a la corrupción - Juguemos limpio - ganemos todos”. | O11: 0 | Q11: 0
J12: =AVERAGE(J6:J11) -> 0.46333333 | L12: =AVERAGE(L6:L11) -> 0.19 | O12: =AVERAGE(O6:O11) -> 0 | Q12: =AVERAGE(Q6:Q11) -> 0

Sheet Componente 7
A1: PROGRAMA TRANSPARENCIA Y ÉTICA PUBLICA
A4: Componente 7: Redes Institucionales y Canales de Denuncia | J4: Primer monitoreo - Primera Línea de Defensa | L4: Observaciones Segunda Línea de Defensa | O4: Segundo monitoreo - Primera Línea de Defensa | Q4: Observaciones Segunda Línea de Defensa | T4: Tercera Línea de Defensa
A5: Subcomponente | B5: No | C5: Acción | D5: Meta o producto | E5: Dependecia Responsable | F5: Dependencia de Apoyo | G5: Recursos | H5: Indicador | I5: Fecha de pogramación | J5: Avance cuantitativo | K5: Avance cualitativo | L5: Avance cuantitativo | M5: Avance cualitativo | N5: Observaciones | O5: Avance cuantitativo | P5: Avance cualitativo | Q5: Avance cuantitativo | R5: Avance cualitativo | S5: Observaciones | T5: Observaciones
A6: Subcomponente 1 Fortalecimiento canales de atención presencial, telefónico, virtual y escrito | B6: 1.1 | C6: Elaborar y difundir guía para el manejo de las denuncias por corrución contra funcionarios y contratistas del Ministerio que interponga la ciudadanía a través de los canales existentes | D6: Documento elaborado y difundido | E6: Servicio Integral al ciudadano | F6: Comunicaciones | G6: Humano | H6: Documento guía elaborado | I6: 45838 | J6: 1 | K6: Se elaboró y publicó Guía para el proceso interno de denuncias por actos de corrupción y la protección de datos de los denunciantes en el Ministerio del Deporte. Ver https://www.mindeporte.gov.co/?idcategoria=99197 | L6: 1 | M6: Para la actividad “Elaborar y difundir una guía para el manejo de las denuncias por corrupción contra funcionarios y contratistas del Ministerio, interpuestas por la ciudadanía a través de los canales existentes”, se evidencia soporte que da cuenta del cumplimiento de dicha actividad, en la página web institucional. | O6: 0 | Q6: 0
A7: Subcomponente 2 Relación con el ciudadano y la cultura de la Legalidad | B7: 2.1 | C7: Realizar informe estadístico de denuncias sobre presuntos actos de corrupción al interior del Ministerio del Deporte | D7: Dos informes estadísticos publicados | E7: GIT Servicio Integral al ciudadano | F7: Oficina Control Interno Disciplinario | G7: Humano | H7: Número de informes realizados y publicados / Número de informes programados X 100 | I7: 45991 | J7: 0 | K7: Se reportará en el segundo semestre | L7: 0 | M7: A la fecha, no se reporta avance por parte de la primera línea de defensa.Se resalta que la actividad tiene como fecha de programación el 30 de noviembre de 2025. | O7: 0 | Q7: 0
A8: Subcomponente 3 Redes institucionales para el fortalecimiento de la prevención de actos de corrupción, transparencia, y legalidad | B8: 3.1 | C8: Construir un protocolo que recoja buenas prácticas institucionales, que lleven a la prevención de actos de corrupción, transparencia y legalidad, para su divulgación | D8: Protocolo con las 2 acciones establecidas (elaborado y difundido) | E8: GIT Talento Humano | F8: Comunicaciones | G8: Humanos y Tecnologícos. | H8: # de acciones ejecutadas x 100 total acciones programadas | I8: 45884 | J8: 0 | K8: No sé a adelantado acciones referentes a esta actividad. | L8: 0 | M8: A la fecha, no se reporta avance por parte de la primera línea de defensa.Se resalta que la actividad tiene como fecha de programación el 15 de agosto de 2025. | O8: 0 | Q8: 0
A9: Subcomponente 4. Iniciativas de articulación institucional con redes externas | B9: 4.1 | C9: Participar en encuentros de intercambio de mejores prácticas, experiencias y metodologías en la identificación de casos de buenas prácticas de estrategias de anticorrupción y las diferentes formas de erradicarlas. | D9: Generar dos (2) encuentros de intercambio de experiencia de buenas prácticas. | E9: Oficina de Control Interno | G9: Humanos | H9: (Número de encuentros participados / Número total de encuentros programados) x 100. | I9: Según programación divulgada por la Secretaría de Transparencia de la Presidencia de la República | J9: 0 | K9: A la fecha la Secretaría de Transparencia de la Presidencia de la República no ha realizado programación de encuentros. | L9: 0 | M9: A la fecha, no se reporta avance por parte de la primera línea de defensa.Se resalta que la actividad esta sujeta a la Programación divulgada por la Secretaría de Transparencia de la Presidencia de la República. | O9: 0 | Q9: 0
J10: =AVERAGE(J6:J9) -> 0.25 | L10: =AVERAGE(L6:L9) -> 0.25 | O10: =AVERAGE(O6:O9) -> 0 | Q10: =AVERAGE(Q6:Q9) -> 0

Sheet Componente 8
A1: PROGRAMA TRANSPARENCIA Y ÉTICA PUBLICA
A4: Componente 8: Iniciativas Adicionales | J4: Primer monitoreo - Primera Línea de Defensa | L4: Observaciones Segunda Línea de Defensa | O4: Segundo monitoreo - Primera Línea de Defensa | Q4: Observaciones Segunda Línea de Defensa | T4: Tercera Línea de Defensa
A5: Subcomponente | B5: No | C5: Acción | D5: Meta o producto | E5: Dependecia Responsable | F5: Dependencia de Apoyo | G5: Recursos | H5: Indicador | I5: Fecha de pogramación | J5: Avance cuantitativo | K5: Avance cualitativo | L5: Avance cuantitativo | M5: Avance cualitativo | N5: Observaciones | O5: Avance cuantitativo | P5: Avance cualitativo | Q5: Avance cuantitativo | R5: Avance cualitativo | S5: Observaciones | T5: Observaciones
A6: Iniciativas Adicionales | B6: 1.1 | C6: Realizar actividades preventivas a través de la publicación o socialización de referencias disciplinarias sobre el tema conflicto de intereses | D6: Dos (2) referencias disciplinarias publicadas o socializadas | E6: Oficina de Control Interno Disciplinario | F6: GIT Talento Humano | G6: Recurso Humano Recursos Tecnologicos | H6: Número de referencias disciplinarias publicadas o socializadas | I6: 31/05/2025 30/06/2025 | J6: 1 | K6: Durante los meses de mayo y junio de 2025, la Oficina de Control Interno Disciplinario realizó actividades preventivas orientadas al tema de conflicto de intereses. En el marco de estas acciones, se publicaron y socializaron dos (2) referencias disciplinarias, con el objetivo de generar conciencia en los servidores públicos sobre la importancia de prevenir y gestionar adecuadamente situaciones que puedan afectar la imparcialidad y transparencia en el ejercicio de sus funciones. Estas acciones buscan fomentar una cultura organizacional basada en la ética y el cumplimiento del deber. | L6: 1 | M6: Para la actividad “Realizar actividades preventivas a través de la publicación o socialización de referencias disciplinarias sobre el tema conflicto de intereses”, se presentan como soporte dos carpetas que contienen referencias disciplinarias correspondientes a los meses de mayo y junio, acompañadas de sus respectivas piezas gráficas. Cabe señalar que, en ambos meses, la temática abordada fue el conflicto de interés de los servidores públicos, en el marco de las acciones de sensibilización y prevención institucional. | O6: 0 | Q6: 0
B7: 1.2 | C7: Realizar actividades preventivas a través de capacitaciones sobre el tema conflicto de intereses | D7: Dos (2) capacitaciones sobre el tema conflicto de interes | E7: Oficina de Control Interno Disciplinario | F7: GIT Talento Humano | G7: Recurso Humano Recursos Tecnologicos | H7: Número de capacitaciones realizadas | I7: 31/05/2025 30/06/2025 | J7: 1 | K7: En atención a la actividad programada, me permito informar que se realizaron dos jornadas de actualización en derecho disciplinario, enfocadas en el tema de conflicto de intereses, llevadas a cabo en las siguientes fechas: Primera jornada: 22 de mayo de 2025 Segunda jornada: 19 de junio de 2025 Estas actividades fueron desarrolladas como parte de las acciones preventivas lideradas por la Oficina de Control Interno Disciplinario, haciendo uso de los recursos humanos y tecnológicos disponibles en la entidad. | L7: 1 | M7: Para la actividad “Realizar actividades preventivas a través de capacitaciones sobre el tema conflicto de intereses”, se presentan como soporte dos carpetas correspondientes a los meses de mayo y junio, que contienen: citaciones enviadas por Teams, listados de asistencia, piezas gráficas, socialización en la intranet institucional y la presentación utilizada sobre el conflicto de intereses. Cabe señalar que, en ambos meses, las capacitaciones se enmarcaron en el tema de derecho disciplinario, con énfasis en el conflicto de intereses como aspecto fundamental en la prevención de faltas por parte de los servidores públicos. | O7: 0 | Q7: 0
B8: 1.3 | C8: Informar al GIT Talento Humano el número de investigaciones disciplinarias que se adelantan en la OCID por presunto conflicto de intereses(INSUMO POLÍTICA DE INTEGRIDAD) | D8: Un (1) informe con el número de investigaciones disciplinarias que se adelantan en la OCID por presunto conflicto de intereses | E8: Oficina de Control Interno Disciplinario | F8: GIT Talento Humano | G8: Recurso Humano Recursos Tecnologicos | H8: Número de informes presentados | I8: 45991 | J8: 0 | K8: Esta acividad se encuentra programada para noviembre el 2025 | L8: 0 | M8: A la fecha, no se reporta avance por parte de la primera línea de defensa.Se resalta que la actividad tiene como fecha de programación el 30 de noviembre de 2025. | O8: 0 | Q8: 0
B9: 1.4 | C9: Dar a conocer a los funcionarios y contratistas del Ministerio del Deporte la disposición de la Oficina Asesora Jurídica para brindar asesoría sobre temas relacionados con conflicto de interes y/o interpretación de la normatividad que regula dicho tema. | D9: Tres (3) Piezas divulgadas | E9: Oficina Asesora Juridica | F9: GIT Comunicaciones | G9: Humano, Tecnologicos | H9: Número de piezas divulgadas | I9: 15/04/2025 15/04/2025 30/11/2025 | J9: 0.66 | K9: La Oficina Asesora Jurídica, realizó dos divulgaciones por medio de piezas graficas “Enteráte” a funcionarios y contratistas desde el correo de comunicaciones internas sobre asesorías en conflicto de intereses. El 19 de marzo de 2025 se realizó la primera publicación y 12 de mayo de 2025 la segunda publicación. Para evidenciar el cumplimiento de esta actividad, se cargaron los archivos en la carpeta de SharePoint de la OAP dispuesta para tal fin: https://coldeportes.sharepoint.com/:x:/r/sites/oficinaasesoraplaneacion/_layouts/15/Doc.aspx?sourcedoc=%7BDCC2A128-C7C9-4B4A-92FE-B6563DAEF2C1%7D&file=Plan%20monitoreo%20y%20ejecuci%C3%B3n-PTEP%202025.xlsx&action=default&mobileredirect=true Nota: Se observa que en la formulación de las actividades que reposan en el archivo PTEP 2025 de la OAJ se indicó que las fechas para la realización de esta actividad son el 01/04/2025, 15/05/2025 y el 30/10/2025; sin embargo, en la presente matriz cargada en la carpeta de SharePoint para reportar el Primer Monitoreo Semestral del PTEP 2025, las fechas relacionadas son diferentes (15/04/2025, 15/04/2025 y el 30/10/2025). Por lo que se presume un error de digitación y se solicita el ajuste de las fechas para que las evidencias cargadas contrasten con las formuladas y, así, no incurrir en alguna observación en el monitoreo de la segunda y tercera línea de defensa. Esta solicitud se realizó tambien via correo el 26 de juno 2025 a la Oficina Asesora de Planeación. | L9: 0.66 | M9: Para la actividad “Dar a conocer a los funcionarios y contratistas del Ministerio del Deporte la disposición de la Oficina Asesora Jurídica para brindar asesoría sobre temas relacionados con conflicto de intereses y/o interpretación de la normatividad que regula dicho tema”, se aporta como soporte un archivo en formato PDF que contiene una pieza comunicativa institucional. Dichas piezas fueron divulgadas a través de correo electrónico el 19 de marzo y el 12 de mayo de 2025, informando a los servidores públicos y contratistas que la Oficina Asesora Jurídica se encuentra disponible para orientar sobre situaciones relacionadas con conflicto de intereses y su marco normativo aplicable. | O9: 0 | Q9: 0
B10: 1.5 | C10: Realizar seguimiento continuo a la publicación de los conflictos de interes de los funcionarios públicos en la plataforma SIGEP. | D10: Tres informes de Seguimiento | E10: GIT Talento Humano | F10: Todos los Procesos | G10: Humano, Tecnologicos | H10: Informes de Seguimiento | I10: 15/04/2025 15/08/2025 30/11/2025 | J10: 1 | K10: Se deberá hacer un ajuste a la actividad ya que los conflictos de interés no son los que se publican en la plataforma SIGEP, por el contrario los funcionarios deben publicar cada año la Declaración de Bienes y Rentas y para dar cumplimiento a este requisito se sacó una pieza comunicativa indicando el plazo para el reporte de este requisito. | L10: 0.33 | M10: Para la actividad “Realizar seguimiento continuo a la publicación de los conflictos de interés de los funcionarios públicos en la plataforma SIGEP”, se presenta como soporte una carpeta que contiene el correo de solicitud de la pieza comunicativa titulada “Declaración de Bienes y Rentas”, así como la pieza gráfica final utilizada para su divulgación. Sin embargo, no se evidencia en la carpeta de la actividad 1.5 el soporte correspondiente a los informes de seguimiento mencionados en la meta. Cabe señalar que en la carpeta de la actividad 1.6 se encuentra un documento titulado "Informe de seguimiento del registro de la Declaración de Bienes y Rentas y Conflicto de Interés", correspondiente al mes de abril, el cual podría estar relacionado con esta actividad. | O10: 0 | Q10: 0
B11: 1.6 | C11: Realizar seguimiento mensual al cumplimiento del requisito de la ley 2013 de 2019 por parte de los funcionarios obligados a su cumplimento | D11: 3 informes de seguimiento del registro de los Conflictos de Interes de los funcionarios, presentados al Coordinador del GIT de talento Humano | E11: GIT Talento Humano | F11: Todos los procesos | G11: Humano, Tecnologicos | H11: # de informes presentados x 100 total informes programados | I11: 31/04/2025 31/08/2025 31/12/2025 | J11: 0 | K11: Se lleva a cabo desde el GIT Talento Humano una revisión y verificación del cumplimiento de la ley 2013 de 2019 registro de los Conflictos de Interés en la página de la Función Pública, se elabora el informe y se envía al Coordinador del GIT Talento Humano. | L11: 0.33 | M11: Para la actividad “Realizar seguimiento mensual al cumplimiento del requisito de la Ley 2013 de 2019 por parte de los funcionarios obligados a su cumplimiento”, se aporta como soporte dos archivos en formato PDF: Un correo electrónico con el asunto "Verificación registro declaración de bienes y rentas y conflictos de interés". Un informe correspondiente al mes de abril, titulado "Informe de seguimiento del registro de la Declaración de Bienes y Rentas y Conflicto de Interés" | O11: 0 | Q11: 0
B12: 1.7 | C12: Identificar trámites a racionalizar por el Ministerio del Deporte, acorde a los lineamientos definidos y en cumplimiento a la Ley 2052 de 2020. | D12: Un (1) informe que de cuenta de la identificación de trámites a racionalizar en la vigencia | E12: Servicio Integral al Ciudadano | F12: Dependencias involucradas que tengan trámites a cargo | G12: Humanos | H12: Número de informes presentados | I12: 45716 | J12: 1 | K12: Se incorporó en infome de Servicio Integral al Ciudadano del primer trimeste el punto 6. RACIONALIZACIÓN DE TRÁMITES. Este informe presenta un análisis sobre la racionalización de Otro Procedimiento Administrativo-OPA- específico en la entidad, enfocado en la asesoría en lineamientos técnicos para el desarrollo de infraestructura deportiva, recreativa y lúdica. Se adjutan además soportes de mesas de trabajo realizadas | L12: 0 | M12: Para la actividad “Identificar trámites a racionalizar por el Ministerio del Deporte, acorde con los lineamientos definidos y en cumplimiento de la Ley 2052 de 2020”, se aportan como soporte los siguientes documentos: Archivo en formato PDF con evidencia de las mesas de trabajo desarrolladas con diferentes dependencias, orientadas a la revisión del trámite y del OPA, a cargo de los Grupos Internos de Trabajo (GIT). Grabación de la asistencia técnica realizada el 8 de julio de 2025. Documento en formato Word que respalda la asistencia técnica del 28 de enero de 2025. Archivo en Excel denominado “Mesas de trabajo 2025”. No obstante, se observa que dentro de los documentos entregados no se incluye un informe que evidencie la identificación específica de los trámites a racionalizar durante la vigencia, lo cual constituye la meta del producto establecido. | O12: 0 | Q12: 0
B13: 1.8 | C13: Formular y cargue en el SUIT la Estratégia de Racionalización de trámites de la vigencia | D13: Un (1) documento con la Estrategia de trámites formulada y cargada en el SUIT | E13: Servicio Integral al Ciudadano | F13: TICS Dependencias involucradas que tengan trámites a cargo | G13: Tecnológicos | H13: (Número de documentos de la estrategias de racionalización de trámites cargados en la plataforma SUIT / Numero de estrategias de racionalización de tramites programadas en la vigencia) *100 | I13: 45792 | J13: 1 | K13: Se adjunta Estrategia de Racionalización de trámites publicada en SUIT | L13: 1 | M13: Para la actividad “Formular y cargue en el SUIT la Estratégia de Racionalización de trámites de la vigencia”, se presenta como soporte el siguiente documento: Archivo en formato PDF correspondiente a la Estrategia de Racionalización de Trámites registrada en el Sistema Único de Información de Trámites (SUIT), en el cual se evidencia la OPA denominada: Asesoría en lineamientos técnicos para el desarrollo de la infraestructura deportiva, recreativa y lúdica y figura como responsable la Dirección de Recursos y Herramientas del Sistema Nacional del Deporte (SND). | O13: 0 | Q13: 0
B14: 1.9 | C14: Ejecutar las actividades definidas en la Estrategia de Racionalización de Trámites. | D14: Racionalizar el 100% de los trámites priorizadas en la Estrategia de Racionalización de la vigencia 2025 cargada en la plataforma SUIT. | E14: Servicio Integral al Ciudadano | F14: Direcciones técnicas del Ministerio del Deporte | G14: 45657 | H14: Número de actividades ejecutadas para racionalizar los trámites priorizados en la estrategia / Número total de actividades formuladas en la estrategia de Racionalización de Tramites del Ministerio del Deporte) * 100 | I14: 15/08/2025 30/11/2025 | J14: 0.2 | K14: De acuerdo a reporte de seguimiento (adjunto) y cargado en el SUIT se tiene ejecución del 20% | L14: 0 | M14: Para la actividad “Realizar monitoreo a las OPAs definidas en la Estrategia de Racionalización de Trámites”, se presenta como soporte el siguiente documento: Archivo en formato PDF correspondiente a la Estrategia de Racionalización de Trámites registrada en el Sistema Único de Información de Trámites (SUIT), en la cual se evidencia la OPA denominada Asesoría en lineamientos técnicos para el desarrollo de la infraestructura deportiva, recreativa y lúdica, cuya responsabilidad recae en la Dirección de Recursos y Herramientas del Sistema Nacional del Deporte (SND). Sin embargo, se resalta que la actividad tiene como fechas de programación el 15 de agosto y el 30 de noviembre de 2025, por lo cual aún no se cuenta con evidencia de su ejecución. | O14: 0 | Q14: 0
B15: 1.10 | C15: Realizar monitoreo a las OPAs definidas en la Estrategia de Racionalización de Trámites | D15: Tres (3) seguimientos a la estrategia de racionalización de trámites en SUIT. | E15: Oficina de Control Interno | F15: Servicio Integral al Ciudadano Oficina Asesora de Planeación | G15: Jefe OCI Equipos de Cómputo GESDOC Herramientas de trabajo colaborativo y en la nube Usuario activo SUIT | H15: Número de seguimientos a la estrategia de racionalización de trámites en SUIT. | I15: 16/01/2025 15/05/2025 12/09/2025 | J15: =(2/3) -> 0.66666667 | K15: Se realizó monitoreo a las OPAs definidas en la Estrategia de Racionalización de Trámites, en la plataforma SUIT, por parte del Jefe de la OCI. Se anexa monitoreo de último cuatrimestre de 2024 así como el monitoreo del primer cuatrimestre de 2025. | L15: 0 | M15: Para la actividad “Ejecutar las actividades definidas en la Estrategia de Racionalización de Trámites”, se presenta como soporte el siguiente documento: | O15: 0 | Q15: 0
J16: =AVERAGE(J6:J15) -> 0.65266667 | L16: =AVERAGE(L6:L15) -> 0.432 | O16: =AVERAGE(O6:O15) -> 0 | Q16: =AVERAGE(Q6:Q15) -> 0
